 Dungeon Crawl Stone Soup version 0.20-a0-2-g2b0e13a (webtiles) character file.

1024141 varam the Conqueror (level 27, -10/223 (224) HPs)
             Began as a Demonspawn Gladiator on Oct 29, 2016.
             Was the Champion of Kikubaaqudgha.
             Mangled by a Tzitzimitl (15 damage)
             ... on level 7 of Tartarus on Oct 30, 2016.
             The game lasted 09:04:30 (100885 turns).

varam the Conqueror (Demonspawn Gladiator)        Turns: 100885, Time: 09:04:31

HP:   -10/223 (224) AC: 31    Str: 24      XL:     27
MP:   48/48         EV: 27    Int: 14      God:    Kikubaaqudgha [******]
Gold: 8980          SH: 33    Dex: 31 (33) Spells: 2 memorised, 55 levels left

rFire  + + .     SeeInvis +     x - +8 morningstar of Oenomania {speed, rPois Int+7 Dex+5}
rCold  + + +     Gourm    .     m - +8 plate armour of Arilim {rF++ rCorr Int-4 Dex+3}
rNeg   + + +     Faith    .     S - +5 shield of Music {-Cast rC+ MP+9}
rPois  +         Spirit   .     K - +0 Maxwell's etheric cage {RegenMP+ *Contam rElec MP+4}
rElec  +         Reflect  .     H - +2 cloak of the Thief {+Fog Slay-2 SInv Stlth+}
rCorr  +         Harm     .     (gloves unavailable)
MR     ++++.     Clarity  +     O - +1 pair of boots of the Gate {rElec rC+++ Str-4 Dex+2}
Stlth  +......... NoCast   +    q - amulet of rage
                                p - ring "Jeat" {rN+ Str+2 Slay+5}
                                E - ring "Oloi" {rCorr rN++ MR++ MP-9}

@: mighty, agile, exhausted, non-regenerating, diseased, slowed, studying
Dodging, silenced, very slow
A: claws 3, fangs 2, talons 1, large bone plates 3, camouflage 1, clarity, cold
resistance 1, deformed body, frail 1, powered by death 3, powered by pain 3,
screaming 1, weak 1, augmentation 3, no device heal 1
a: Renounce Religion, Evoke Fog, Evoke Berserk Rage
}: 8/15 runes: decaying, slimy, silver, golden, obsidian, icy, abyssal, gossamer


You were on level 7 of Tartarus.
You worshipped Kikubaaqudgha.
Kikubaaqudgha was exalted by your worship.
You were not hungry.

You visited 17 branches of the dungeon, and saw 82 of its levels.
You visited the Abyss 2 times.
You also visited: Labyrinth and Ossuary.

You collected 13268 gold pieces.
You spent 4288 gold pieces at shops.

Inventory:

Hand Weapons
 s - a +7 eveningstar of flaming
 w - a +9 hand crossbow of freezing
 x - the +8 morningstar of Oenomania (weapon) {speed, rPois Int+7 Dex+5}
   (You bought it in a shop on level 4 of the Dungeon)

   Attacks with this weapon are significantly faster.
   It affects your intelligence (+7).
   It affects your dexterity (+5).
   It protects you from poison.
 T - the +11 glaive of Inofae {flame, MR+ Int+3 Dex+3, unknown}
   (You found it on level 7 of Gehenna)

   It has been specially enchanted to burn those struck by it, causing extra
   injury to most foes and up to half again as much damage against particularly
   susceptible opponents.
   Big, fiery blades are also staple armaments of hydra-hunters.
   It affects your intelligence (+3).
   It affects your dexterity (+3).
   It affects your resistance to hostile enchantments.
 Y - the +7 sceptre of Asmodeus
   (You took it off Asmodeus on level 7 of Gehenna)
Missiles
 a - 1660 bolts
Armour
 m - the +8 plate armour of Arilim (worn) {rF++ rCorr Int-4 Dex+3}
   (You bought it in a shop on level 8 of the Dungeon)

   It affects your intelligence (-4).
   It affects your dexterity (+3).
   It greatly protects you from fire.
   It protects you from acid and corrosion.
 H - the +2 cloak of the Thief (worn) {+Fog Slay-2 SInv Stlth+}
   (You found it on level 3 of the Tomb of the Ancients)

   It affects your accuracy and damage with ranged weapons and melee attacks
   (-2).
   It lets you see invisible.
   It can be evoked to emit clouds of fog.
   It makes you more stealthy.
 K - the +0 Maxwell's etheric cage (worn) {RegenMP+ *Contam rElec MP+4}
   (You found it on level 14 of the Dungeon)

   It insulates you from electricity.
   It affects your magic capacity (+4).
   It causes magical contamination when unequipped.
 O - the +1 pair of boots of the Gate (worn) {rElec rC+++ Str-4 Dex+2}
   (You acquired it on level 3 of the Crypt)

   It affects your strength (-4).
   It affects your dexterity (+2).
   It renders you almost immune to cold.
   It insulates you from electricity.
 S - the +5 shield of Music (worn) {-Cast rC+ MP+9}
   (You found it on level 3 of the Vaults)

   It protects you from cold.
   It affects your magic capacity (+9).
   It prevents spellcasting.
Rods
 B - a +6 iron rod (12/12)
   (You found it on level 7 of Gehenna)
 J - a +5 rod of shadows (14/14)
   (You found it on level 7 of Gehenna)
Jewellery
 p - the ring "Jeat" (right claw) {rN+ Str+2 Slay+5}
   (You took it off a deep elf death mage on level 3 of the Elven Halls)

   [ring of positive energy]

   It affects your strength (+2).
   It affects your accuracy and damage with ranged weapons and melee attacks
   (+5).
   It protects you from negative energy.
 q - an amulet of rage (around neck)
 v - a +4 amulet of reflection
 A - the ring of Leaves {*Corrode rPois rF+ rN+ SInv}
   (You found it on level 3 of the Tomb of the Ancients)

   [ring of poison resistance]

   It protects you from fire.
   It protects you from poison.
   It protects you from negative energy.
   It lets you see invisible.
   It may corrode you when you take damage.
 E - the ring "Oloi" (left claw) {rCorr rN++ MR++ MP-9}
   (You bought it in a shop on level 2 of the Orcish Mines)

   [ring of resist corrosion]

   It greatly protects you from negative energy.
   It affects your resistance to hostile enchantments.
   It affects your magic capacity (-9).
 P - the amulet "Zarph" {Spirit rC+ Slay+2 Stlth+}
   (You acquired it on level 3 of the Vaults)

   [amulet of guardian spirit]

   It causes incoming damage to be split between your health and magic.
   It affects your accuracy and damage with ranged weapons and melee attacks
   (+2).
   It protects you from cold.
   It makes you more stealthy.
 V - the ring "Lohehawn" {rF+ MR+ SInv}
   (You took it off a yaktaur on level 2 of the Vaults)

   [ring of see invisible]

   It protects you from fire.
   It affects your resistance to hostile enchantments.
   It lets you see invisible.
Wands
 b - a wand of teleportation (2/9)
 j - a wand of iceblast (8/15)
 r - a wand of teleportation (2/9)
 y - a wand of hasting (3/9)
 C - a wand of digging (8/24)
 I - a wand of hasting (4/9)
 Q - a wand of digging (15/24)
Scrolls
 c - 4 scrolls of fear
 h - a scroll of summoning
 k - a scroll of magic mapping
 n - 24 scrolls of remove curse
 u - 10 scrolls of fog
 D - 5 scrolls of recharging
 F - 3 scrolls of enchant armour
 N - 7 scrolls of identify
 W - 7 scrolls of teleportation
Potions
 d - a potion of invisibility
 e - a potion of cancellation
 f - a potion of resistance
 g - 7 potions of agility
 i - 18 potions of curing
 l - 4 potions of heal wounds
 t - 2 potions of might
 X - 4 potions of brilliance
 Z - 4 potions of magic
Books
 R - a manual of Dodging
Miscellaneous
 o - a disc of storms
 z - 3 phantom mirrors
 M - a phial of floods
 U - a lamp of fire
Comestibles
 L - 10 fruits


   Skills:
 O Level 27 Fighting
   Level 9.2(16.4) Axes
 - Level 21.0(22.1) Maces & Flails
 - Level 10.0(16.7) Staves
 - Level 11.8 Crossbows
 - Level 1.7 Throwing
 + Level 21.2 Armour
 + Level 15.4 Dodging
 - Level 26.1 Shields
 - Level 17.1 Spellcasting
 - Level 12.7 Necromancy
 - Level 12.4 Evocations


You had 55 spell levels left.
You knew the following spells:

 Your Spells              Type           Power        Failure   Level  Hunger
a - Lesser Beckoning      Tloc           ##........   83%         3    None
b - Blink                 Tloc           N/A          43%         2    None


Dungeon Overview and Level Annotations

Branches:
Dungeon (15/15)            Temple (1/1) D:5            Lair (6/6) D:8
  Swamp (4/4) Lair:4       Spider (4/4) Lair:3        Slime (5/5) Lair:5
    Orc (2/2) D:10            Elf (3/3) Orc:2        Vaults (5/5) D:14
  Crypt (3/3) Vaults:3       Tomb (3/3) Crypt:3      Depths (5/5) D:15
   Hell (1/1)                 Dis (0/7) Hell            Geh (7/7) Hell
    Coc (7/7) Hell            Tar (7/7) Hell            Zot (5/5) Depths:5

Altars:
Ashenzari
Cheibriados
Dithmenos
Elyvilon
Fedhas
Gozag
Kikubaaqudgha
Makhleb
Nemelex Xobeh
Okawaru
Qazlal
Ru
Sif Muna
Trog
Uskayaw
Vehumet
Xom
Yredelemnul
Zin
The Shining One
Jiyva

Shops:
D:4 (   D:6 ?   D:8 [   D:12 :   Orc:1 %   Orc:2 =[=*   Elf:1 *   Zot:4 *
Depths:1 *   Depths:4 ?   Depths:5 *

Portals:
Hell: Depths:1 Depths:2 Depths:3 Depths:4 Depths:5
Abyss: Depths:3 Depths:4
Pandemonium: Depths:2 Depths:3
Ziggurat: Depths:4

Annotations:
D:3 varam's ghost, amateur TrMo
Tar:7 Ereshkigal


Innate Abilities, Weirdness & Mutations

You have claws for hands.
You are completely covered in large bone plates. (SH +8)
You regenerate a lot of health from kills.
You are powered by pain.
Your magical and physical power is greatly enhanced at high health.
You have extremely sharp teeth.
You have sharp toenails.
Your skin changes colour to match your surroundings (Stealth+).
You possess an exceptional clarity of mind.
Your flesh is cold resistant. (rC+)
Armour fits poorly on your strangely shaped body.
You are frail. (-10% HP)
You occasionally shout uncontrollably at your foes.
You are weak. (Str -2)
Potions and wands are less effective at restoring your health.


Message History

* * * LOW HITPOINT WARNING * * *
The shadow dragon convulses!
The shadow dragon breathes negative energy at you.
The bolt of negative energy misses you.
Ereshkigal calls on the powers of darkness!
The shadow dragon convulses!
Kikubaaqudgha shields you from torment!
You feel a surge of unholy energy. The Tzitzimitl engulfs you.
* * * LOW HITPOINT WARNING * * *
The Tzitzimitl drains your vigour!
You feel as though you will be slow longer.
The Tzitzimitl bites you.
* * * LOW HITPOINT WARNING * * *
You feel your flesh rotting away! You block the blizzard demon's attack.
The blizzard demon closely misses you. The flying skull closely misses you.
The Tzitzimitl engulfs you.
* * * LOW HITPOINT WARNING * * *
The Tzitzimitl bites you!
You die...
Kikubaaqudgha rasps: "You have failed me!
Welcome... death!"

###......
##........
#.........
#.8.......
##.........
#...W......
#.281W.....
#.1@12.....
##zD&z.....
#.8z......
#.........
##........
###......
##''## ...


You could see Ereshkigal, a shadow dragon, 3 Tzitzimimeh, a lorocyproca
(invisible), a blizzard demon, 2 shadows and 3 flying skulls.

Vanquished Creatures
  Antaeus (Coc:7)
  Asmodeus (Geh:7)
  the Royal Jelly (Slime:5)
  the Serpent of Hell (Geh:7)
  2 ancient liches
  Khufu (Crypt:2)
  Mara (Depths:4)
  A juggernaut (Depths:3)
  45 greater mummies
  Boris (twice) (Vaults:2 Tomb:1)
  11 shard shrikes
  Bai Suzhen (Vaults:2)
  Frederick (Depths:1)
  A curse toe (Zot:3)
  Geryon (Hell)
  7 golden dragons
  11 bone dragons
  Nikola (Spider:2)
  A doom hound (Tar:1)
  Jorgrun (Depths:2)
  13 Brimstone Fiends
  15 tentacled monstrosities
  A Hell Sentinel (Abyss:5)
  5 Tzitzimimeh
  12 Ice Fiends
  6 quicksilver dragons
  3 Orb Guardians (Zot:5)
  5 titans
  3 eldritch tentacles
  15 liches
  A deep elf master archer (Elf:3)
  A quicksilver dragon (shapeshifter) (Depths:2)
  7 deep elf blademasters
  6 ancient champions
  32 acid blobs
  8 death cobs
  Frances (D:13)
  7 tentacled starspawn
  12 tengu reavers
  Roxanne (Elf:2)
  16 sphinxes
  4 draconian monks
  5 revenants
  4 thorn hunters
  Agnes (D:15)
  5 shadow dragons
  13 storm dragons
  Donald (Swamp:2)
  6 azure jellies
  13 draconian knights
  14 fire giants
  2 cacodemons
  7 deep elf sorcerers
  7 draconian scorchers
  2 curse skulls
  7 emperor scorpions
  10 balrugs
  An orc warlord (Orc:2)
  14 vault wardens
  19 frost giants
  Louise (Swamp:4)
  6 ghost moths
  3 draconian shifters
  7 iron dragons
  6 draconian zealots
  20 ironheart preservers
  An angel (Abyss:5)
  10 ghouls
  3 elemental wellsprings
  6 draconian callers
  9 draconian annihilators
  A spriggan defender (Depths:1)
  25 stone giants
  Nessos (D:14)
  3 war gargoyles
  17 reapers
  9 bennus
  7 deep elf elementalists
  8 vampire knights
  8 deep elf demonologists
  39 very ugly things
  9 entropy weavers
  15 black draconians
  8 red draconians
  12 deep elf annihilators
  7 green draconians
  9 spark wasps
  10 white draconians
  17 yellow draconians
  11 purple draconians
  11 mottled draconians
  4 lorocyprocas (Depths:2)
  10 deep elf death magi
  15 ettins
  A dire elephant (shapeshifter) (Depths:2)
  7 death oozes
  4 eidola
  10 blizzard demons
  2 crystal guardians
  9 jiangshi
  A minotaur (shapeshifter) (Vaults:5)
  2 kraken zombies
  2 merfolk impalers
  A minotaur (Lab)
  26 mummy priests
  2 quicksilver dragon zombies (Coc:7)
  9 great orbs of eyes
  3 deep elf high priests
  11 fire dragons
  13 yaktaur captains
  An ice dragon (shapeshifter) (Depths:2)
  27 hydras
  6 rakshasas
  34 vault guards
  The ghost of removeelyvilon the Summoner, a journeyman DsSu of Ashenzari (D:13)
  A hell beast (Geh:3)
  3 quicksilver dragon skeletons
  A hydra (shapeshifter) (Vaults:5)
  3 catoblepae
  25 ice dragons
  Erica (D:10)
  3 spriggan air magi
  16 centaur warriors
  16 alligators
  10 deep troll shamans
  2 ghost crabs
  5 death knights
  An alligator snapping turtle (shapeshifter) (Depths:2)
  4 death yaks
  10 deep troll earth magi
  23 dancing weapons
  5 tengu warriors
  4 titan zombies
  75 death scarabs
  14 hell hogs
  18 ogre magi
  A queen ant (Spider:1)
  4 spriggan berserkers
  A storm dragon zombie (Coc:7)
  11 vampire magi
  10 soul eaters
  16 thrashing horrors
  14 sun demons
  25 hell knights
  3 orc high priests
  Sonja (D:15)
  A fire crab (shapeshifter) (Depths:2)
  5 titan skeletons
  29 deep elf knights
  A shadow wraith (Crypt:3)
  A spatial maelstrom (Abyss:2)
  2 sixfirhies (Abyss:5)
  A hellephant skeleton (Crypt:2)
  A spark wasp zombie (D:15)
  10 iron trolls
  87 skeletal warriors
  2 storm dragon skeletons
  15 anaconda zombies
  7 unseen horrors
  4 glowing orange brains
  2 golden dragon zombies
  3 spriggan druids
  10 shadow demons
  11 wretched stars
  40 deep trolls
  19 flayed ghosts
  22 hill giants
  A ghost moth zombie (Geh:5)
  5 shambling mangroves
  7 anaconda skeletons
  4 wolf spider zombies
  13 swamp dragons
  7 wizards
  A shadow dragon zombie (Coc:7)
  5 harpies (Vaults:3)
  2 tengu zombies
  16 ironbrand convokers
  A hill giant (shapeshifter) (Depths:3)
  17 phantasmal warriors
  4 golden dragon skeletons
  5 stone giant zombies
  11 orc knights
  12 necromancers
  10 deep elf archers
  A mana viper (Abyss:3)
  2 lindwurms (Swamp:4)
  37 ugly things
  4 frost giant zombies
  20 orb spiders
  5 iron dragon zombies
  11 cyclopes
  44 wolf spiders
  11 oklob plants (Zot:1)
  5 orc sorcerers
  65 deep elf magi
  3 fire giant zombies
  8 shining eyes
  An orb spider (shapeshifter) (Vaults:5)
  A mana viper (shapeshifter) (Vaults:5)
  A salamander (Depths:4)
  5 worldbinders
  24 moths of wrath
  4 shadow dragon skeletons
  2 frost giant skeletons
  2 manticores
  2 iron dragon skeletons
  A shock serpent zombie (Tomb:1)
  4 dire elephant zombies
  6 black mambas
  7 fire giant skeletons
  3 stone giant skeletons
  3 rust devils
  Maurice (D:13)
  A water nymph (shapeshifter) (Abyss:1)
  A spectral iron troll (Crypt:1)
  5 ice statues
  20 large abominations
  4 orange demons
  20 molten gargoyles
  2 apocalypse crabs
  An eye of devastation (Slime:3)
  22 vault sentinels
  A gargoyle (D:15)
  10 smoke demons
  An alligator snapping turtle zombie (Crypt:1)
  8 centaur skeletons
  20 spiny frogs
  A shock serpent skeleton (Geh:6)
  19 hellions
  A torpor snail (shapeshifter) (Vaults:5)
  A black draconian zombie (Crypt:3)
  61 yaktaurs
  6 komodo dragons
  2 dire elephant skeletons
  An emperor scorpion zombie (Geh:4)
  2 kobold demonologists (Abyss:5)
  A hellwing (Abyss:3)
  3 catoblepas zombies
  A komodo dragon (shapeshifter) (Vaults:5)
  7 demonic crawlers
  17 tormentors
  3 efreet
  2 rime drakes
  27 freezing wraiths
  A mottled draconian skeleton (Crypt:2)
  3 spectral deep trolls (Crypt:1)
  40 ice devils
  2 silent spectres (Abyss:1)
  6 harpy zombies
  2 purple draconian skeletons
  9 trolls
  A wind drake (shapeshifter) (Depths:4)
  3 ancient zymes
  19 red devils
  3 tengu conjurers
  A troll (shapeshifter) (Depths:5)
  86 guardian mummies
  A harpy skeleton (Tar:2)
  13 hydra zombies
  A tengu simulacrum (Vaults:3)
  30 jumping spiders
  A meliai (shapeshifter) (Vaults:5)
  34 two-headed ogres
  A wolf spider simulacrum (Vaults:1)
  6 polar bears
  11 tyrant leeches
  12 blink frogs
  A minotaur skeleton (Crypt:2)
  37 hornets
  10 bog bodies
  4 fire dragon zombies
  A two-headed ogre (shapeshifter) (Vaults:2)
  4 ice dragon zombies
  An iron dragon simulacrum (Abyss:5)
  21 raiju
  A frost giant simulacrum (Tomb:3)
  15 hippogriffs
  135 slime creatures
  6 alligator zombies
  A fire giant simulacrum (Depths:3)
  2 hydra skeletons
  23 spriggans
  A hippogriff (shapeshifter) (Vaults:1)
  6 ettin zombies
  3 ettin skeletons
  90 starcursed masses
  2 black mamba zombies
  2 human simulacra (Vaults:3)
  4 ice dragon skeletons
  3 spriggan skeletons
  4 air elementals
  103 flying skulls
  A wyvern (Lair:4)
  17 shadows
  48 redbacks
  6 fire dragon skeletons
  An alligator skeleton (Coc:2)
  19 humans (D:14)
  2 vampires (Abyss:5)
  22 water elementals
  5 ynoxinuls
  2 black mamba skeletons
  18 wraiths
  32 tarantellas
  45 ushabtiu
  A tarantella (shapeshifter) (Vaults:5)
  26 yaks
  8 hungry ghosts
  32 fire elementals
  12 golden eyes
  7 chaos spawn
  A human (shapeshifter) (Vaults:5)
  2 basilisks
  19 vampire mosquitoes
  A steam dragon (D:11)
  14 fire bats
  An elf simulacrum (Depths:3)
  A gelid demonspawn zombie (Crypt:1)
  16 insubstantial wisps
  4 neqoxecs
  A mottled dragon (shapeshifter) (D:14)
  3 spatial vortices (Abyss:2)
  25 swamp worms
  4 mottled dragons
  5 wargs
  9 soldier ants (Spider:1)
  A swamp worm (shapeshifter) (Vaults:4)
  A torturous demonspawn zombie (Crypt:3)
  27 hell hounds
  13 water moccasins
  A floating eye (Depths:2)
  2 hydra simulacra
  14 porcupines
  A merfolk skeleton (Tar:1)
  8 spiny frog zombies
  5 spiny frog skeletons
  17 swamp drakes
  8 ice beasts
  7 sky beasts
  15 black bears
  39 orc warriors
  7 snapping turtle zombies
  A black bear (shapeshifter) (D:15)
  An ettin simulacrum (Vaults:2)
  18 necrophages
  9 phantoms
  2 alligator simulacra
  37 wolves
  10 boggarts
  4 swamp dragon zombies
  80 ogres
  An ogre (shapeshifter) (Depths:1)
  11 eyes of draining
  4 snapping turtle skeletons
  12 crocodiles
  A swamp dragon skeleton (Coc:7)
  A manticore skeleton (Crypt:3)
  27 centaurs
  An elf zombie (Crypt:2)
  A fire crab zombie (Crypt:3)
  2 big kobolds
  21 bullfrogs
  A yaktaur zombie (Crypt:1)
  A salamander skeleton (Crypt:1)
  3 earth elementals
  A spiny frog simulacrum (Hell)
  An elf skeleton (Geh:7)
  A gnoll sergeant (D:10)
  5 scorpions
  A water moccasin skeleton (Crypt:1)
  12 small abominations
  14 killer bees
  A raiju zombie (Crypt:1)
  56 wights
  A raiju skeleton (Crypt:3)
  5 electric eels
  A yak skeleton (Crypt:2)
  5 howler monkeys
  2 lava snakes (D:10)
  12 crimson imps
  2 human zombies
  5 centaur zombies
  A gnoll shaman (D:9)
  22 orc wizards
  3 quasits
  18 orc priests
  3 hounds
  6 iron imps (Abyss:5)
  2 bullfrog skeletons (D:7)
  7 jellies
  2 iguanas
  A porcupine zombie (Crypt:1)
  30 worker ants
  A demonspawn skeleton (Crypt:3)
  6 hell rats (Lair:5)
  A mottled dragon zombie (Crypt:2)
  A naga zombie (Coc:2)
  2 ogre zombies
  A hound zombie (D:8)
  A hound skeleton (D:6)
  72 mummies
  A worker ant zombie (D:5)
  20 adders
  12 gnolls
  A howler monkey skeleton (D:6)
  2 river rats (D:8)
  A steam dragon skeleton (Crypt:1)
  14 shadow imps
  33 white imps
  2 ufetubi (Abyss:1)
  3 adder skeletons
  3 adder zombies
  3 worms
  A dart slug (D:1)
  4 leopard geckos
  137 orcs
  3 spectral bats (Abyss:5)
  3 giant cockroaches
  9 goblins
  8 hobgoblins
  15 jackals
  14 kobolds
  4 quokkas
  20 bats
  5 bat simulacra (Abyss:5)
  5 frilled lizards
  2 goblin zombies (D:7)
  A hobgoblin zombie (Ossuary)
  A jackal skeleton (D:6)
  4 kobold zombies
  2 leopard gecko skeletons
  5 orc zombies
  A quokka skeleton (D:8)
  8 rats
  A rat zombie (Crypt:2)
  A briar patch (Swamp:1)
  2 fire vortices (D:10)
  7 fungi (D:8)
  5 plants (D:8)
  5 starspawn tentacles
  4 tentacles
4439 creatures vanquished.

Vanquished Creatures (collateral kills)
  A juggernaut (Depths:3)
  Asterion (Depths:1)
  A frost giant (Depths:2)
  An emperor scorpion (Spider:4)
  2 deep elf sorcerers (Elf:3)
  A vault warden (Vaults:1)
  A ghost moth (Spider:4)
  A deep elf annihilator (Elf:3)
  A vault guard (Vaults:1)
  A deep elf high priest (Elf:3)
  2 ice dragons
  A deep troll earth mage (Depths:1)
  A deep troll shaman (Depths:1)
  An iron troll (Depths:5)
  3 deep trolls
  An ogre (Vaults:5)
  A wight (D:14)
  A mummy (Crypt:3)
22 creatures vanquished.

Vanquished Creatures (others)
  A lich (Tomb:2)
  A deep elf master archer (Elf:3)
  A fire giant (Depths:2)
  2 elemental wellsprings (Coc:7)
  A bennu (Tomb:2)
  A yellow draconian (Zot:3)
  An alligator (Swamp:3)
  17 death scarabs
  A lindwurm (Swamp:4)
  5 deep elf archers
  A wolf spider (Spider:2)
  A dire elephant zombie (Tomb:2)
  A shock serpent zombie (Tomb:3)
  2 guardian mummies (Crypt:3)
  A hydra zombie (Abyss:5)
  A polar bear (Slime:3)
  A jumping spider (Spider:1)
  A large abomination (Abyss:3)
  6 flying skulls (Tomb:3)
  2 redbacks (Spider:2)
  An ushabti (Tomb:2)
  A hell hound (Geh:7)
  2 black bears
  2 ogres (Slime:3)
  A wight (Geh:3)
  An orc priest (Vaults:5)
  4 mummies (Tomb:2)
  3 briar patches
  A bush (Lair:6)
  A fire vortex (D:10)
  10 fungi
  10 plants
  18 starspawn tentacles
  8 tentacles
  7 withered plants (D:15)
118 creatures vanquished.

Grand Total: 4579 creatures vanquished

Notes
Turn   | Place    | Note
-------+----------+-------------------------------------------
     0 | D:1      | varam the Demonspawn Gladiator began the quest for the Orb.
     0 | D:1      | Reached XP level 1. HP: 16/16 MP: 1/1
    34 | D:1      | Reached skill level 3 in Staves
   285 | D:1      | Gained mutation: You sometimes gain a little power by taking damage. [demonic ancestry]
   285 | D:1      | Reached XP level 2. HP: 17/22 MP: 2/2
   659 | D:1      | Gained mutation: You are partially covered in large bone plates. (SH +4) [demonic ancestry]
   659 | D:1      | Reached XP level 3. HP: 27/27 MP: 3/3
   858 | D:1      | Reached skill level 4 in Staves
  1205 | D:2      | Found a shattered altar of Ashenzari.
  1291 | D:2      | Gained mutation: You regenerate a little health from kills. [demonic ancestry]
  1291 | D:2      | Reached XP level 4. HP: 30/33 MP: 4/4
  1400 | D:2      | Found a faded altar of an unknown god.
  1400 | D:2      | Found a faded altar of an unknown god.
  1408 | D:2      | Found a faded altar of an unknown god.
  1410 | D:2      | Found a hide-covered altar of Uskayaw.
  1411 | D:2      | Found a faded altar of an unknown god.
  1569 | D:2      | Reached skill level 5 in Staves
  1966 | D:3      | Reached XP level 5. HP: 38/38 MP: 5/5
  2051 | D:3      | Noticed varam's ghost (amateur TrMo)
  2125 | D:4      | Found a shadowy altar of Dithmenos.
  2140 | D:4      | Reached skill level 1 in Maces & Flails
  2328 | D:4      | Found Iggonaenn's Antique Weapon Boutique.
  2337 | D:4      | Bought a twisted morningstar for 180 gold pieces
  2337 | D:4      | Identified the +8 morningstar of Oenomania {speed, rPois Int+7 Dex+5} (You bought it in a shop on level 4 of the Dungeon)
  2440 | D:4      | Reached skill level 2 in Maces & Flails
  2722 | D:4      | Got a dazzling hand axe
  2723 | D:4      | Identified the cursed +1 hand axe of the Countless Hells {vamp, +Inv rElec rF++} (You found it on level 4 of the Dungeon)
  2756 | D:4      | Reached skill level 1 in Shields
  2756 | D:4      | Gained mutation: You have sharp fingernails. [demonic ancestry]
  2756 | D:4      | Reached XP level 6. HP: 44/44 MP: 6/6
  2796 | D:5      | Entered Level 5 of the Dungeon
  2809 | D:4      | Reached skill level 3 in Maces & Flails
  2819 | D:5      | Noticed an ice beast
  2933 | D:5      | Reached skill level 2 in Shields
  2997 | D:6      | Reached skill level 4 in Maces & Flails
  2997 | D:6      | Reached XP level 7. HP: 41/50 MP: 7/7
  3021 | D:5      | Found a staircase to the Ecumenical Temple.
  3048 | D:5      | Reached skill level 5 in Maces & Flails
  3048 | D:5      | Reached skill level 3 in Shields
  3058 | D:5      | Gained mutation: Armour fits poorly on your strangely shaped body. [mutagenic meat]
  3059 | D:5      | Gained mutation: Your mind is acute. (Int +2) [mutagenic meat]
  3061 | D:5      | Gained mutation: Your mind is very acute. (Int +4) [mutagenic meat]
  3078 | Temple   | Entered the Ecumenical Temple
  4001 | D:5      | Reached skill level 6 in Maces & Flails
  4001 | D:5      | Gained mutation: You have very sharp fingernails. [demonic ancestry]
  4001 | D:5      | Reached XP level 8. HP: 45/56 MP: 8/8
  4383 | D:6      | Reached skill level 4 in Shields
  4450 | D:6      | Found a stormy altar of Qazlal.
  4485 | D:6      | Reached skill level 7 in Maces & Flails
  4591 | D:6      | Found Onuuloil's Magic Scroll Shoppe.
  5007 | Temple   | Became a worshipper of Trog the Wrathful
  5135 | D:7      | Found a sand-covered staircase.
  5142 | Ossuary  | Entered an ossuary
  5193 | Ossuary  | Reached * piety under Trog
  5438 | D:7      | Reached skill level 5 in Shields
  5648 | D:7      | You fall through a shaft!
  5648 | D:8      | Noticed a hippogriff
  5653 | D:8      | Killed a hippogriff
  5653 | D:8      | Reached skill level 8 in Maces & Flails
  5653 | D:8      | Reached XP level 9. HP: 46/61 MP: 9/9
  5808 | D:7      | Gained mutation: You passively map a small area around you. [mutagenic meat]
  5809 | D:7      | Gained mutation: You have claws for hands. [mutagenic meat]
  5810 | D:7      | Gained mutation: You evolve. [mutagenic meat]
  5811 | D:7      | Gained mutation: You have large cloven feet. [mutagenic meat]
  6009 | D:7      | Found a radiant altar of Vehumet.
  6010 | D:7      | Found a snail-covered altar of Cheibriados.
  6011 | D:7      | Found an iron altar of Okawaru.
  6012 | D:7      | Found a glowing silver altar of Zin.
  6013 | D:7      | Found a blossoming altar of Fedhas.
  6013 | D:7      | Found a white marble altar of Elyvilon.
  6017 | D:7      | Found an ancient bone altar of Kikubaaqudgha.
  6322 | D:7      | Reached ** piety under Trog
  6477 | D:7      | Lost mutation: You evolve. [end of evolution]
  6674 | D:8      | Reached skill level 3 in Dodging
  6808 | D:8      | Found a staircase to the Lair.
  6824 | D:8      | Reached skill level 3 in Fighting
  6871 | D:8      | Reached skill level 9 in Maces & Flails
  7200 | D:8      | Got a jewelled hand axe
  7201 | D:8      | Identified the cursed +0 hand axe of the Penguin {flame, Str+2} (You found it on level 8 of the Dungeon)
  7215 | D:8      | Reached *** piety under Trog
  7286 | D:8      | Found Kueskin's Antique Armour Shop.
  7291 | D:8      | Bought an encrusted ring mail for 261 gold pieces
  7301 | D:8      | Identified the +5 ring mail of Maetigod {Int+2} (You bought it in a shop on level 8 of the Dungeon)
  7411 | D:8      | Reached skill level 4 in Dodging
  7636 | D:9      | Reached skill level 4 in Fighting
  7949 | D:9      | Found an opulent altar of Gozag.
  7970 | D:9      | Gained mutation: You regenerate health from kills. [demonic ancestry]
  7970 | D:9      | Reached XP level 10. HP: 73/73 MP: 10/10
  8009 | D:9      | Reached **** piety under Trog
  8009 | D:9      | Reached skill level 10 in Maces & Flails
  8329 | D:10     | Entered Level 10 of the Dungeon
  8432 | D:10     | Reached skill level 5 in Fighting
  8531 | D:10     | Reached skill level 5 in Dodging
  8537 | D:10     | Reached ***** piety under Trog
  8690 | D:10     | Received a gift from Trog
  8946 | D:10     | Noticed Erica
  8990 | D:10     | Killed Erica
  8990 | D:10     | Reached skill level 6 in Fighting
  8990 | D:10     | Reached skill level 11 in Maces & Flails
  9138 | D:10     | Found a staircase to the Orcish Mines.
  9326 | D:10     | Received a gift from Trog
  9347 | D:10     | Got a transparent glaive {god gift}
  9386 | D:10     | Noticed a hill giant
  9414 | D:10     | Killed a hill giant
  9414 | D:10     | Reached skill level 6 in Dodging
  9414 | D:10     | Gained mutation: You sometimes gain power by taking damage. [demonic ancestry]
  9414 | D:10     | Reached XP level 11. HP: 83/83 MP: 11/11
  9896 | Lair:1   | Entered Level 1 of the Lair of Beasts
 10307 | Lair:1   | Reached skill level 12 in Maces & Flails
 10338 | Lair:1   | Reached skill level 7 in Fighting
 10654 | Lair:1   | Noticed a four-headed hydra
 10661 | Lair:1   | Killed a four-headed hydra
 11127 | Lair:2   | Reached skill level 7 in Dodging
 11680 | Lair:2   | Reached skill level 8 in Fighting
 11791 | Lair:2   | Received a gift from Trog
 11925 | Lair:3   | Found a hole to the Spider Nest.
 12099 | Lair:3   | Reached XP level 12. HP: 87/93 MP: 12/12
 12105 | Lair:3   | Reached skill level 13 in Maces & Flails
 12161 | Lair:3   | Noticed a five-headed hydra
 12167 | Lair:3   | Killed a five-headed hydra
 12298 | Lair:3   | Reached skill level 8 in Dodging
 12483 | Lair:3   | Noticed a six-headed hydra
 12496 | Lair:3   | Killed a six-headed hydra
 13406 | Lair:4   | Noticed a death yak
 13406 | Lair:4   | Noticed a death yak
 13406 | Lair:4   | Noticed a death yak
 13406 | Lair:4   | Noticed a death yak
 13413 | Lair:3   | Killed a death yak
 13546 | Lair:4   | Reached skill level 9 in Fighting
 13672 | Lair:4   | Noticed a six-headed hydra
 13679 | Lair:4   | Killed a six-headed hydra
 13760 | Lair:4   | Reached skill level 14 in Maces & Flails
 13967 | Lair:4   | Killed a death yak
 13976 | Lair:4   | Killed a death yak
 13983 | Lair:4   | Killed a death yak
 14129 | Lair:4   | Found a staircase to the Swamp.
 14162 | Lair:4   | Reached skill level 9 in Dodging
 14393 | Lair:5   | Gained mutation: You are mostly covered in large bone plates. (SH +6) [demonic ancestry]
 14393 | Lair:5   | Reached XP level 13. HP: 102/102 MP: 13/13
 14579 | Lair:5   | Received a gift from Trog
 14665 | Lair:5   | Found a staircase to the Slime Pits.
 14666 | Lair:5   | Found a viscous altar of Jiyva.
 15127 | Lair:6   | Entered Level 6 of the Lair of Beasts
 15225 | Lair:6   | Reached ****** piety under Trog
 15250 | Lair:6   | Received a gift from Trog
 15271 | Lair:6   | Reached skill level 10 in Fighting
 15589 | Lair:6   | Reached skill level 15 in Maces & Flails
 16006 | Lair:6   | Reached skill level 10 in Dodging
 16991 | D:11     | Received a gift from Trog
 17036 | D:11     | You fall through a shaft!
 17077 | D:12     | Found Koygiat's Book Shop.
 17560 | D:13     | Noticed removeelyvilon's ghost (journeyman DsSu)
 17562 | D:13     | Noticed Frances
 17573 | D:13     | Killed removeelyvilon's ghost
 17584 | D:13     | Killed Frances
 17584 | D:13     | Reached skill level 16 in Maces & Flails
 17584 | D:13     | Gained mutation: Your magical and physical power is slightly enhanced at high health. [demonic ancestry]
 17584 | D:13     | Reached XP level 14. HP: 45/110 MP: 14/14
 18067 | D:13     | Noticed Maurice
 18109 | D:13     | Killed Maurice
 18309 | D:13     | Reached skill level 1 in Evocations
 18614 | D:14     | Received a gift from Trog
 18620 | D:14     | Lost mutation: Your mind is very acute. (Int +4) [mutagenic meat]
 18621 | D:14     | Lost mutation: You have claws for hands. [mutagenic meat]
 18622 | D:14     | Gained mutation: You have very sharp teeth. [mutagenic meat]
 18623 | D:14     | Gained mutation: Scrolls take you a little longer to read. [mutagenic meat]
 18624 | D:14     | Gained mutation: You are robust. (+10% HP) [mutagenic meat]
 18647 | D:14     | Lost mutation: You are robust. (+10% HP) [mutagenic meat]
 18648 | D:14     | Gained mutation: Your flesh is cold resistant. (rC+) [mutagenic meat]
 18649 | D:14     | Lost mutation: Armour fits poorly on your strangely shaped body. [mutagenic meat]
 18656 | D:14     | Gained mutation: Your body sometimes deteriorates upon taking damage. [mutagenic meat]
 18679 | D:14     | Reached skill level 2 in Evocations
 18979 | D:14     | Found a labyrinth entrance.
 18988 | Lab      | Entered a labyrinth
 19073 | Lab      | Reached skill level 11 in Dodging
 19079 | Lab      | Identified the Disquisition on Translocation
 19085 | Lab      | Identified Sif Muna's Guide on Calling and the Blaze
 19088 | Lab      | Identified Roxil's Collected Works on Earth
 19305 | D:14     | Received a gift from Trog
 19335 | D:14     | Reached skill level 3 in Evocations
 19539 | D:14     | Found a gate to the Vaults.
 19559 | D:14     | Reached skill level 4 in Evocations
 19724 | D:14     | Noticed Nessos
 19735 | D:14     | Killed Nessos
 19762 | D:14     | Reached skill level 5 in Evocations
 19856 | D:14     | Found an iron altar of Okawaru.
 19870 | D:14     | Got an uncursed polished mace {antimagic}
 19874 | D:14     | Identified the +6 mace of Poadanla {antimagic, rC+} (You took it off a centaur on level 14 of the Dungeon)
 20173 | D:14     | Lost mutation: Scrolls take you a little longer to read. [mutagenic meat]
 20255 | D:14     | Reached skill level 12 in Dodging
 20255 | D:14     | Reached skill level 6 in Evocations
 20802 | D:14     | Received a gift from Trog
 20811 | D:14     | Noticed a fire giant
 20909 | D:14     | Killed a fire giant
 21160 | D:14     | Gained mutation: Your magical and physical power is enhanced at high health. [demonic ancestry]
 21160 | D:14     | Reached XP level 15. HP: 70/117 MP: 19/19
 21696 | D:14     | Reached skill level 11 in Fighting
 21809 | D:15     | Entered Level 15 of the Dungeon
 21988 | D:15     | Received a gift from Trog
 22016 | D:15     | Noticed Sonja
 22239 | D:15     | Reached skill level 13 in Dodging
 22371 | D:15     | Killed Sonja
 22415 | D:15     | Lost mutation: Your body sometimes deteriorates upon taking damage. [mutagenic meat]
 22479 | D:15     | Found a staircase to the Depths.
 22500 | D:15     | Noticed Agnes
 22524 | D:15     | Killed Agnes
 22524 | D:15     | Reached skill level 12 in Fighting
 22668 | D:15     | Received a gift from Trog
 23701 | D:11     | Received a gift from Trog
 23947 | D:6      | Bought a scroll of enchant weapon for 97 gold pieces
 23951 | D:6      | Bought a scroll of identify for 26 gold pieces
 23951 | D:6      | Bought a scroll of identify for 26 gold pieces
 23954 | D:6      | Bought a scroll of identify for 26 gold pieces
 23954 | D:6      | Bought a scroll of identify for 26 gold pieces
 23954 | D:6      | Bought a scroll of identify for 26 gold pieces
 23954 | D:6      | Bought a scroll of blinking for 97 gold pieces
 23954 | D:6      | Bought a scroll of teleportation for 39 gold pieces
 23954 | D:6      | Bought a scroll of enchant armour for 97 gold pieces
 24049 | D:8      | Identified 2 scrolls of acquirement
 24102 | D:8      | Got a fine tin amulet
 24211 | D:8      | Bought a transparent plate armour for 812 gold pieces
 24221 | D:8      | Identified the +8 plate armour of Arilim {rF++ rCorr Int-4 Dex+3} (You bought it in a shop on level 8 of the Dungeon)
 24321 | Orc:1    | Entered Level 1 of the Orcish Mines
 24328 | Orc:1    | Reached skill level 1 in Armour
 24394 | Orc:1    | Found Jyuschaf's Food Shop.
 24432 | Orc:1    | Reached skill level 2 in Armour
 24576 | Orc:2    | Entered Level 2 of the Orcish Mines
 24750 | Orc:1    | Reached skill level 3 in Armour
 24766 | Orc:1    | Received a gift from Trog
 24819 | Orc:1    | Paralysed by an orc sorcerer for 6 turns
 25054 | Orc:2    | Found a staircase to the Elven Halls.
 25074 | Orc:2    | Noticed an orc warlord
 25114 | Orc:2    | Killed an orc warlord
 25114 | Orc:2    | Reached skill level 4 in Armour
 25465 | Orc:2    | Reached skill level 5 in Armour
 25467 | Orc:2    | Received a gift from Trog
 25491 | Orc:2    | Reached skill level 6 in Armour
 25599 | Orc:2    | Found Jaxer's Antique Armour Emporium.
 25599 | Orc:2    | Found Didebor's General Store.
 25600 | Orc:2    | Found Nasun's Jewellery Boutique.
 25600 | Orc:2    | Found Veynulul's Jewellery Emporium.
 25612 | Orc:2    | Bought a translucent helmet for 342 gold pieces
 25622 | Orc:2    | Identified the +2 helmet of Noughts and Crosses {*Slow Int+8} (You bought it in a shop on level 2 of the Orcish Mines)
 25638 | Orc:2    | Gained mutation: You tend to lose your temper in combat. [mutagenic glow]
 25920 | Elf:1    | Entered Level 1 of the Elven Halls
 25925 | Elf:1    | Reached XP level 16. HP: 129/129 MP: 20/20
 25954 | Elf:1    | Reached skill level 7 in Armour
 26271 | Swamp:1  | Entered Level 1 of the Swamp
 26309 | Swamp:1  | Received a gift from Trog
 26537 | Swamp:1  | Reached skill level 8 in Armour
 26545 | Swamp:1  | Got a brightly glowing scale mail
 26558 | Swamp:1  | Identified the +3 scale mail "Wauriyle" {*Corrode Int+10} (You found it on level 1 of the Swamp)
 26704 | Swamp:1  | Noticed a thorn hunter
 26718 | Swamp:1  | Killed a thorn hunter
 26893 | Swamp:1  | Reached skill level 9 in Armour
 27258 | Swamp:2  | Noticed Donald
 27277 | Swamp:2  | Killed Donald
 27392 | Swamp:2  | Noticed a thorn hunter
 27414 | Swamp:2  | Killed a thorn hunter
 27414 | Swamp:2  | Reached skill level 10 in Armour
 27682 | Swamp:2  | Got a polished hat
 28213 | Swamp:3  | Received a gift from Trog
 28363 | Swamp:3  | Identified the +2 hat of Aciuc {Str+4 Dex+6 Slay-6} (You acquired it on level 2 of the Swamp)
 28408 | Swamp:3  | Reached skill level 11 in Armour
 28843 | Swamp:3  | Identified the amulet "Reavinul" {Spirit +Fly rF+ Int-5} (You acquired it on level 8 of the Dungeon)
 29170 | Swamp:4  | Entered Level 4 of the Swamp
 29233 | Swamp:4  | Reached skill level 6 in Shields
 29326 | Swamp:4  | Received a gift from Trog
 29700 | Swamp:4  | Received a gift from Trog
 29741 | Swamp:4  | Reached skill level 7 in Shields
 29744 | Swamp:4  | Noticed Louise
 29757 | Swamp:4  | Received a gift from Trog
 29772 | Swamp:4  | Reached XP level 17. HP: 135/135 MP: 21/21
 29798 | Swamp:4  | Reached skill level 8 in Shields
 29799 | Swamp:4  | HP: 9/135 [swamp worm[a spriggan druid] (10)]
 29809 | Swamp:4  | Killed Louise
 29878 | Swamp:4  | Reached skill level 9 in Shields
 29943 | Swamp:4  | Got a faintly humming leather armour
 29960 | Swamp:4  | Identified the +3 leather armour of Roff {rElec rPois Int+4} (You found it on level 4 of the Swamp)
 29992 | Swamp:4  | Got a decaying rune of Zot
 30872 | Orc:2    | Bought the ring "Oloi" {rCorr rN++ MR++ MP-9} for 734 gold pieces
 31108 | Spider:1 | Entered Level 1 of the Spider Nest
 31283 | Spider:1 | Received a gift from Trog
 31383 | Spider:1 | Reached skill level 13 in Fighting
 31385 | Spider:1 | Got a shimmering quarterstaff {god gift}
 31470 | Spider:1 | Reached skill level 12 in Armour
 31896 | Spider:2 | Received a gift from Trog
 31948 | Spider:2 | Noticed Nikola
 31969 | Spider:2 | Killed Nikola
 32529 | Spider:2 | Got a bloodstained shortbow
 32535 | Spider:2 | Identified the +5 shortbow of the Lame Duck {velocity, +Blink} (You found it on level 2 of the Spider Nest)
 33485 | Spider:3 | Received a gift from Trog
 33518 | Spider:3 | Reached skill level 14 in Fighting
 34000 | Spider:1 | You fall through a shaft!
 34360 | Spider:4 | Entered Level 4 of the Spider Nest
 34371 | Spider:4 | Reached skill level 13 in Armour
 34371 | Spider:4 | Reached XP level 18. HP: 146/146 MP: 17/22
 35303 | Spider:4 | Received a gift from Trog
 36251 | Spider:4 | Gained mutation: Your body sometimes deteriorates upon taking damage. [mutagenic meat]
 36252 | Spider:4 | Gained mutation: You have hoof-like feet. [mutagenic meat]
 36256 | Spider:4 | Lost mutation: Your flesh is cold resistant. (rC+) [mutagenic meat]
 36257 | Spider:4 | Gained mutation: You expend magic power (3 MP) to strengthen your wands. [mutagenic meat]
 36325 | Spider:4 | Reached skill level 15 in Fighting
 36341 | Spider:4 | Received a gift from Trog
 36363 | Spider:4 | Gained mutation: Armour fits poorly on your strangely shaped body. [mutagenic meat]
 36364 | Spider:4 | Gained mutation: You passively map the area around you. [mutagenic meat]
 36365 | Spider:4 | Lost mutation: Your body sometimes deteriorates upon taking damage. [mutagenic meat]
 36380 | Spider:4 | Got a gossamer rune of Zot
 37004 | Vaults:1 | Entered Level 1 of the Vaults
 37180 | Vaults:1 | Got an ancient glaive
 37190 | D:14     | Identified the +8 glaive of Resumed Hostilities {chop, Int+5} (You found it on level 1 of the Vaults)
 37317 | D:10     | Identified the +1 glaive of Laceration {drain, +Blink Dex+6} (Trog gifted it to you on level 10 of the Dungeon)
 37593 | Depths:1 | Entered Level 1 of the Depths
 37727 | Vaults:1 | Reached skill level 14 in Armour
 38441 | Vaults:1 | Gained mutation: You are frail. (-10% HP) [mutagenic meat]
 38618 | Vaults:1 | Received a gift from Trog
 38743 | Vaults:1 | Lost mutation: You are frail. (-10% HP) [mutagenic meat]
 39069 | Vaults:1 | Got a bloodstained buckler
 39080 | Vaults:1 | Identified the +1 buckler "Tevveob" {Regen+} (You found it on level 1 of the Vaults)
 39140 | Vaults:2 | Reached skill level 7 in Evocations
 39218 | Vaults:2 | Reached XP level 19. HP: 157/157 MP: 15/24
 39362 | Vaults:2 | Reached skill level 8 in Evocations
 39442 | Vaults:2 | Noticed a golden dragon
 39456 | Vaults:2 | Killed a golden dragon
 39488 | Vaults:2 | Noticed Bai Suzhen
 39514 | Vaults:2 | Killed Bai Suzhen
 39514 | Vaults:2 | Received a gift from Trog
 39645 | Vaults:2 | Reached skill level 9 in Evocations
 39782 | Vaults:2 | Noticed Boris
 39806 | Vaults:2 | Killed Boris
 39806 | Vaults:2 | Reached skill level 15 in Armour
 39952 | Vaults:2 | Gained mutation: You are agile. (Dex +2) [mutagenic meat]
 40007 | Vaults:2 | Reached skill level 10 in Evocations
 40048 | Vaults:2 | Got a faintly glowing wooden ring
 40218 | Vaults:2 | Identified the ring "Lohehawn" {rF+ MR+ SInv} (You took it off a yaktaur on level 2 of the Vaults)
 40517 | Vaults:2 | Gained mutation: You are very agile. (Dex +4) [mutagenic meat]
 40520 | Vaults:2 | Lost mutation: Armour fits poorly on your strangely shaped body. [mutagenic meat]
 41122 | Vaults:2 | Reached skill level 16 in Fighting
 41128 | Vaults:2 | Received a gift from Trog
 41713 | D:4      | Bought a glowing hand crossbow for 190 gold pieces
 42095 | D:8      | Lost mutation: You passively map the area around you. [potion of mutation]
 42095 | D:8      | Gained mutation: Your muscles are strong. (Str +2) [potion of mutation]
 42096 | D:8      | Gained mutation: You have a pair of small horns on your head. [potion of mutation]
 42096 | D:8      | Gained mutation: You have a pair of horns on your head. [potion of mutation]
 42097 | D:8      | Lost mutation: You tend to lose your temper in combat. [potion of mutation]
 42098 | D:8      | Gained mutation: Your flesh is heat resistant. (rF+) [potion of mutation]
 42098 | D:8      | Gained mutation: You regenerate slowly when monsters are visible. [potion of mutation]
 42099 | D:8      | Lost mutation: Your mind is acute. (Int +2) [potion of mutation]
 42099 | D:8      | Lost mutation: You are very agile. (Dex +4) [potion of mutation]
 42120 | D:8      | Gained mutation: You are dopey. (Int -2) [mutagenic glow]
 42489 | Vaults:1 | Reached skill level 1 in Crossbows
 42495 | Vaults:1 | Reached skill level 2 in Crossbows
 42677 | Vaults:3 | Reached skill level 3 in Crossbows
 42921 | Vaults:3 | Reached skill level 4 in Crossbows
 42938 | Vaults:3 | Received a gift from Trog
 42948 | Vaults:3 | Got a polished quarterstaff {god gift}
 43023 | Vaults:3 | Got a coiled steel amulet
 43117 | Vaults:3 | Got a twisted shield
 43128 | Vaults:3 | Identified the +5 shield of Music {-Cast rC+ MP+9} (You found it on level 3 of the Vaults)
 43149 | Vaults:3 | Reached skill level 6 in Staves
 43291 | Vaults:3 | Reached skill level 7 in Staves
 43433 | Vaults:3 | Found a staircase to the Crypt.
 43438 | Vaults:3 | Gained mutation: You are powered by pain. [demonic ancestry]
 43438 | Vaults:3 | Reached XP level 20. HP: 164/164 MP: 28/28
 43557 | Vaults:3 | Received a gift from Trog
 43780 | Vaults:3 | Reached skill level 8 in Staves
 43796 | Vaults:3 | Reached skill level 5 in Crossbows
 43895 | Vaults:3 | Reached skill level 6 in Crossbows
 43903 | Vaults:3 | Received a gift from Trog
 43950 | Vaults:3 | Received a gift from Trog
 43950 | Vaults:3 | Reached skill level 7 in Crossbows
 44336 | Vaults:4 | Gained mutation: You have extremely sharp teeth. [potion of mutation]
 44341 | Vaults:4 | Identified the amulet "Zarph" {Spirit rC+ Slay+2 Stlth+} (You acquired it on level 3 of the Vaults)
 44622 | Vaults:4 | Reached skill level 8 in Crossbows
 44645 | Vaults:4 | Received a gift from Trog
 44782 | Vaults:4 | Reached skill level 9 in Crossbows
 44790 | Vaults:4 | Received a gift from Trog
 44815 | Vaults:4 | Lost mutation: You have hoof-like feet. [mutagenic meat]
 44816 | Vaults:4 | Lost mutation: You are agile. (Dex +2) [mutagenic meat]
 44972 | Vaults:4 | Reached skill level 10 in Crossbows
 45078 | Vaults:4 | Gained mutation: Your spells are a little harder to cast, but a little more powerful. [mutagenic meat]
 45079 | Vaults:4 | Lost mutation: You have a pair of horns on your head. [mutagenic meat]
 45339 | Vaults:4 | Received a gift from Trog
 45510 | Vaults:4 | Reached skill level 10 in Shields
 45563 | Vaults:4 | Lost mutation: Your muscles are strong. (Str +2) [mutagenic meat]
 45567 | Vaults:4 | Gained mutation: You are resistant to hostile enchantments. (MR+) [mutagenic meat]
 45576 | Vaults:4 | Gained mutation: You are clumsy. (Dex -2) [mutagenic meat]
 45702 | Vaults:4 | Received a gift from Trog
 46167 | Vaults:4 | Reached XP level 21. HP: 171/171 MP: 29/29
 46183 | Vaults:4 | Reached skill level 9 in Staves
 46186 | Vaults:4 | Received a gift from Trog
 46678 | Depths:1 | Lost mutation: Your spells are a little harder to cast, but a little more powerful. [mutagenic meat]
 46679 | Depths:1 | Gained mutation: You are frail. (-10% HP) [mutagenic meat]
 46760 | Depths:1 | Reached skill level 10 in Staves
 47065 | Depths:1 | Reached skill level 17 in Fighting
 47069 | Depths:1 | Noticed Frederick
 47095 | Depths:1 | Killed Frederick
 47095 | Depths:1 | Received a gift from Trog
 47104 | Depths:1 | Gained mutation: Your body sometimes deteriorates upon taking damage. [mutagenic meat]
 47112 | Depths:1 | Gained mutation: Your skin changes colour to match your surroundings (Stealth+). [mutagenic meat]
 47148 | Depths:1 | Found Jusudump's General Store.
 47159 | Depths:1 | Bought a scroll of enchant weapon for 150 gold pieces
 47199 | Depths:1 | Noticed Asterion
 47213 | Depths:1 | Killed Asterion
 47222 | Depths:1 | Reached skill level 11 in Crossbows
 47498 | Depths:1 | Found a gateway to Hell.
 47881 | Depths:1 | Lost mutation: You are frail. (-10% HP) [potion of cure mutation]
 47881 | Depths:1 | Lost mutation: You have a pair of small horns on your head. [potion of cure mutation]
 47881 | Depths:1 | Lost mutation: You passively map a small area around you. [potion of cure mutation]
 47881 | Depths:1 | Lost mutation: You regenerate slowly when monsters are visible. [potion of cure mutation]
 48118 | D:8      | Lost mutation: Your body sometimes deteriorates upon taking damage. [potion of cure mutation]
 48118 | D:8      | Lost mutation: You are resistant to hostile enchantments. (MR+) [potion of cure mutation]
 48118 | D:8      | Lost mutation: You expend magic power (3 MP) to strengthen your wands. [potion of cure mutation]
 48118 | D:8      | Lost mutation: You are clumsy. (Dex -2) [potion of cure mutation]
 48361 | Depths:2 | Reached skill level 11 in Evocations
 48739 | Depths:2 | Reached skill level 11 in Shields
 48785 | Depths:2 | Noticed Jorgrun
 48797 | Depths:2 | Killed Jorgrun
 48797 | Depths:2 | Received a gift from Trog
 49092 | Depths:2 | Gained mutation: You have claws for hands. [demonic ancestry]
 49092 | Depths:2 | Reached XP level 22. HP: 166/183 MP: 30/30
 49106 | Depths:2 | Reached skill level 12 in Evocations
 49390 | Depths:2 | Found a one-way gate leading to the halls of Pandemonium.
 49460 | Depths:2 | Cast into level 4 of the Abyss (a Zot trap)
 49485 | Abyss:5  | Entered Level 5 of the Abyss
 49486 | Abyss:5  | Found a corrupted altar of Lugonu.
 49553 | Abyss:5  | Gained mutation: Scrolls take you a little longer to read. [a cacodemon]
 49566 | Abyss:5  | Reached skill level 18 in Fighting
 49573 | Abyss:5  | Found a corrupted altar of Lugonu.
 49613 | Abyss:5  | Received a gift from Trog
 49613 | Abyss:5  | Gained mutation: You are very dopey. (Int -4) [a neqoxec]
 49614 | Abyss:5  | Gained mutation: Scrolls take you longer to read. [a neqoxec]
 49649 | Abyss:5  | Received a gift from Trog
 49738 | Abyss:5  | Received a gift from Trog
 49742 | Abyss:5  | Noticed an ancient lich
 49743 | Abyss:5  | Reached skill level 12 in Shields
 49797 | Abyss:5  | Killed an ancient lich
 49829 | Depths:2 | Escaped the Abyss
 50011 | Depths:2 | Lost mutation: Scrolls take you longer to read. [mutagenic meat]
 50013 | Depths:2 | Gained mutation: You are agile. (Dex +2) [mutagenic meat]
 50327 | Depths:3 | Found a one-way gate to the infinite horrors of the Abyss.
 50463 | Depths:3 | Noticed a juggernaut
 50463 | Depths:3 | Noticed a juggernaut
 50464 | Depths:3 | Received a gift from Trog
 50481 | Depths:3 | Killed a juggernaut
 50495 | Depths:3 | Killed a juggernaut
 50532 | Depths:3 | Reached skill level 13 in Shields
 50629 | Depths:3 | Reached skill level 19 in Fighting
 50779 | Depths:3 | Got a polished flail {god gift}
 50782 | Depths:3 | Identified the +2 flail of Munelalo {chaos, rN+} (Trog gifted it to you on level 3 of the Depths)
 50803 | Depths:3 | Gained mutation: Your skin blends seamlessly with your surroundings (Stealth++). [mutagenic meat]
 50804 | Depths:3 | Gained mutation: You regenerate slowly when monsters are visible. [mutagenic meat]
 50805 | Depths:3 | Gained mutation: You do not regenerate when monsters are visible. [mutagenic meat]
 50806 | Depths:3 | Lost mutation: Scrolls take you a little longer to read. [mutagenic meat]
 50808 | Depths:3 | Gained mutation: You are completely covered in large bone plates. (SH +8) [mutagenic meat]
 50823 | Depths:3 | Lost mutation: You are agile. (Dex +2) [mutagenic meat]
 50825 | Depths:3 | Gained mutation: Scrolls take you a little longer to read. [mutagenic meat]
 50903 | Depths:3 | Gained mutation: You are clumsy. (Dex -2) [mutagenic meat]
 50906 | Depths:3 | Lost mutation: Your flesh is heat resistant. (rF+) [mutagenic meat]
 50910 | Depths:3 | Lost mutation: You are clumsy. (Dex -2) [mutagenic meat]
 51189 | Depths:3 | Lost mutation: You have large cloven feet. [potion of cure mutation]
 51189 | Depths:3 | Lost mutation: Scrolls take you a little longer to read. [potion of cure mutation]
 51189 | Depths:3 | Lost mutation: You are very dopey. (Int -4) [potion of cure mutation]
 51189 | Depths:3 | Lost mutation: You are dopey. (Int -2) [potion of cure mutation]
 51189 | Depths:3 | Lost mutation: You do not regenerate when monsters are visible. [potion of cure mutation]
 51620 | Depths:3 | Gained mutation: Scrolls take you a little longer to read. [potion of mutation]
 51620 | Depths:3 | Gained mutation: You possess an exceptional clarity of mind. [potion of mutation]
 51623 | Depths:4 | Noticed Mara
 51631 | Depths:3 | Received a gift from Trog
 51631 | Depths:3 | Gained mutation: Your magical and physical power is greatly enhanced at high health. [demonic ancestry]
 51631 | Depths:3 | Reached XP level 23. HP: 160/194 MP: 32/32
 51690 | Depths:4 | Noticed varam's illusion
 51744 | Depths:4 | Killed Mara
 51779 | Depths:4 | Gained mutation: You evolve. [mutagenic meat]
 51815 | Depths:4 | Found a gateway to a ziggurat.
 51855 | Depths:4 | Reached skill level 14 in Shields
 51882 | Depths:4 | Received a gift from Trog
 51899 | Depths:4 | Lost mutation: Scrolls take you a little longer to read. [mutagenic meat]
 51902 | Depths:4 | Lost mutation: You possess an exceptional clarity of mind. [mutagenic meat]
 51903 | Depths:4 | Gained mutation: You are dopey. (Int -2) [mutagenic meat]
 51905 | Depths:4 | Gained mutation: Your spells are a little easier to cast, but a little less powerful. [mutagenic meat]
 51906 | Depths:4 | Gained mutation: Your muscles are strong. (Str +2) [mutagenic meat]
 51907 | Depths:4 | Gained mutation: You have sharp toenails. [mutagenic meat]
 52164 | Depths:4 | Found Ushaqunt's Magic Scroll Emporium.
 52172 | Depths:4 | Bought a scroll of acquirement for 884 gold pieces
 52292 | Depths:4 | Received a gift from Trog
 52526 | Depths:4 | Reached skill level 20 in Fighting
 52840 | Depths:5 | Entered Level 5 of the Depths
 53457 | Depths:5 | Reached skill level 15 in Shields
 53647 | Depths:5 | Found Jusublal's General Store.
 53678 | Depths:5 | Gained mutation: You possess an exceptional clarity of mind. [mutagenic meat]
 53731 | Depths:5 | Gained mutation: Your flesh is heat resistant. (rF+) [mutagenic meat]
 53799 | Depths:5 | Reached skill level 14 in Dodging
 53906 | Depths:5 | Lost mutation: Your muscles are strong. (Str +2) [mutagenic meat]
 53907 | Depths:5 | Gained mutation: Your flesh is cold resistant. (rC+) [mutagenic meat]
 53970 | Depths:5 | Found a gate to the Realm of Zot.
 53973 | Depths:5 | Received a gift from Trog
 54682 | Elf:1    | Found Raybuerr's Retail Resort.
 54840 | Elf:1    | Reached skill level 1 in Axes
 55097 | Elf:1    | Received a gift from Trog
 55135 | Elf:1    | Reached skill level 2 in Axes
 55185 | Elf:1    | Reached XP level 24. HP: 206/206 MP: 32/32
 55478 | Elf:2    | Noticed Roxanne
 55508 | Elf:2    | Killed Roxanne
 55508 | Elf:2    | Reached skill level 3 in Axes
 55512 | Elf:2    | Identified Roxanne's Guide on Shape Shifting (You took it off Roxanne on level 2 of the Elven Halls)
 55635 | Elf:2    | Got a silken robe
 55646 | Elf:2    | Identified the cursed +1 robe of Broken Taboos {*Slow rCorr Int+3} (You found it on level 2 of the Elven Halls)
 55781 | Elf:2    | Received a gift from Trog
 55902 | Elf:2    | Reached skill level 4 in Axes
 56156 | Elf:2    | Found a runed gate.
 56158 | Elf:2    | Found a runed gate.
 56161 | Elf:2    | Found a runed gate.
 56177 | Elf:2    | Reached skill level 5 in Axes
 56260 | Elf:2    | Reached skill level 6 in Axes
 56610 | Elf:3    | Entered Level 3 of the Elven Halls
 56828 | Elf:3    | Received a gift from Trog
 57230 | Elf:3    | Received a gift from Trog
 57256 | Elf:3    | Reached skill level 7 in Axes
 57316 | Elf:3    | Gained mutation: You can translocate small distances at will. [evolution]
 57346 | Elf:3    | Reached skill level 8 in Axes
 57609 | Elf:3    | Reached skill level 9 in Axes
 57609 | Elf:3    | Reached skill level 16 in Shields
 57722 | Elf:3    | Got a glittering amber ring
 57724 | Elf:3    | Identified the ring of Saemoirgh {rElec AC+1 Int+4 SInv} (You took it off a deep elf mage on level 3 of the Elven Halls)
 57776 | Elf:3    | Got a brightly glowing chain mail
 57787 | Elf:3    | Identified the +1 chain mail of the Demon Prince {rPois} (You found it on level 3 of the Elven Halls)
 57931 | Elf:3    | Received a gift from Trog
 58009 | Elf:3    | Got a translucent flail
 58010 | Elf:3    | Identified the +7 flail "Estruoph" {venom, +Inv rPois Str+10 Dex-5} (You found it on level 3 of the Elven Halls)
 58212 | Elf:3    | Received a gift from Trog
 59436 | Vaults:5 | Entered Level 5 of the Vaults
 59538 | Vaults:4 | Received a gift from Trog
 59550 | Vaults:4 | Reached skill level 21 in Fighting
 60339 | Vaults:5 | Received a gift from Trog
 60348 | Vaults:5 | Reached XP level 25. HP: 216/216 MP: 32/32
 60376 | Vaults:5 | Reached skill level 22 in Fighting
 60539 | Vaults:5 | Got a heavily jewelled robe
 60550 | Vaults:5 | Identified the cursed +0 robe of Oroixzyv {-Cast Dex+6} (You found it on level 5 of the Vaults)
 60813 | Vaults:5 | Got a pitted scale mail
 60826 | Vaults:5 | Identified the cursed +1 scale mail of Altruism {rCorr Str-3 SInv} (You found it on level 5 of the Vaults)
 61312 | Vaults:5 | Received a gift from Trog
 61764 | Vaults:5 | Reached skill level 23 in Fighting
 61796 | Vaults:5 | Got a silver rune of Zot
 61825 | Vaults:5 | Got an ancient glaive
 61831 | Vaults:5 | Identified the +11 glaive of Truncation {pain, rN+} (You found it on level 5 of the Vaults)
 62375 | Vaults:5 | Received a gift from Trog
 62719 | Vaults:5 | Got a polished helmet
 62720 | Vaults:5 | Identified the cursed -1 helmet of the Teacher {rC+ SInv} (You found it on level 5 of the Vaults)
 63319 | Elf:3    | Got a warped bronze ring
 63324 | Elf:3    | Identified the ring "Jeat" {rN+ Str+2 Slay+5} (You took it off a deep elf death mage on level 3 of the Elven Halls)
 63620 | D:7      | Fell from the grace of Trog
 63620 | D:7      | Became a worshipper of Kikubaaqudgha
 63813 | Slime:1  | Entered Level 1 of the Pits of Slime
 64012 | Slime:1  | Reached * piety under Kikubaaqudgha
 64012 | Slime:1  | Identified Kikubaaqudgha's Handbook of Unholy Arts (Kikubaaqudgha gifted it to you on level 1 of the Pits of Slime)
 64012 | Slime:1  | Received a gift from Kikubaaqudgha
 64308 | Slime:2  | Reached skill level 1 in Necromancy
 64382 | Slime:2  | Reached skill level 2 in Necromancy
 65524 | Slime:3  | Reached skill level 3 in Necromancy
 65534 | Slime:3  | Gained mutation: You are weak. (Str -2) [a shining eye]
 65569 | Slime:3  | Reached skill level 4 in Necromancy
 65595 | Slime:2  | Reached ** piety under Kikubaaqudgha
 65641 | Slime:3  | Reached skill level 5 in Necromancy
 65682 | Slime:3  | Gained mutation: You are frail. (-10% HP) [a shining eye]
 65683 | Slime:3  | Gained mutation: You are very weak. (Str -4) [a shining eye]
 65690 | Slime:3  | Reached skill level 6 in Necromancy
 65797 | Slime:3  | Reached skill level 7 in Necromancy
 65801 | Slime:3  | Paralysed by Trog for 6 turns
 66208 | Slime:5  | Entered Level 5 of the Pits of Slime
 66231 | Slime:4  | Gained mutation: Your body sometimes deteriorates upon taking damage. [a shining eye]
 66389 | Slime:4  | Reached skill level 8 in Necromancy
 66892 | Slime:5  | Reached *** piety under Kikubaaqudgha
 66892 | Slime:5  | Identified Kikubaaqudgha's Disquisition on Sinister Rites (Kikubaaqudgha gifted it to you on level 5 of the Pits of Slime)
 66892 | Slime:5  | Received a gift from Kikubaaqudgha
 66903 | Slime:5  | Reached skill level 9 in Necromancy
 66903 | Slime:5  | Gained mutation: You regenerate a lot of health from kills. [demonic ancestry]
 66903 | Slime:5  | Reached XP level 26. HP: 180/203 MP: 32/32
 66973 | Slime:4  | Gained mutation: You are very dopey. (Int -4) [mutagenic glow]
 67124 | Slime:5  | Noticed the Royal Jelly
 67141 | Slime:5  | Killed the Royal Jelly
 67141 | Slime:5  | Reached skill level 10 in Necromancy
 67641 | Slime:4  | Reached skill level 11 in Necromancy
 68241 | Slime:5  | Identified the Compendium of Dark Magic
 68303 | Slime:5  | Got a twisted hand crossbow
 68304 | Slime:5  | Identified the +6 hand crossbow of Arrival {venom, Dex+4} (You found it on level 5 of the Pits of Slime)
 68344 | Slime:5  | Got a steaming plate armour
 68355 | Slime:5  | Identified the +7 plate armour of Niduic {rC++ rN+} (You found it on level 5 of the Pits of Slime)
 68386 | Slime:5  | Identified the Disquisition on Frigorific Venom
 68406 | Slime:5  | Got a slimy rune of Zot
 68430 | Slime:5  | Got a steaming scale mail
 68441 | Slime:5  | Identified the +5 scale mail of Nexith {Dex+3} (You found it on level 5 of the Pits of Slime)
 68485 | Slime:5  | Reached skill level 12 in Necromancy
 68769 | D:8      | Learned a level 3 spell: Lesser Beckoning
 69203 | D:15     | Lost mutation: You possess an exceptional clarity of mind. [potion of cure mutation]
 69203 | D:15     | Lost mutation: You regenerate slowly when monsters are visible. [potion of cure mutation]
 69203 | D:15     | Lost mutation: You have sharp toenails. [potion of cure mutation]
 69203 | D:15     | Lost mutation: You are very weak. (Str -4) [potion of cure mutation]
 69203 | D:15     | Lost mutation: Your body sometimes deteriorates upon taking damage. [potion of cure mutation]
 69204 | D:15     | Lost mutation: You are frail. (-10% HP) [potion of cure mutation]
 69204 | D:15     | Lost mutation: You can translocate small distances at will. [potion of cure mutation]
 69204 | D:15     | Lost mutation: You are very dopey. (Int -4) [potion of cure mutation]
 69204 | D:15     | Lost mutation: Your spells are a little easier to cast, but a little less powerful. [potion of cure mutation]
 69204 | D:15     | Lost mutation: Your skin blends seamlessly with your surroundings (Stealth++). [potion of cure mutation]
 69205 | D:15     | Lost mutation: You are dopey. (Int -2) [potion of cure mutation]
 69205 | D:15     | Lost mutation: You evolve. [potion of cure mutation]
 69205 | D:15     | Lost mutation: Your flesh is heat resistant. (rF+) [potion of cure mutation]
 69205 | D:15     | Lost mutation: You are weak. (Str -2) [potion of cure mutation]
 69312 | Depths:3 | Voluntarily entered the Abyss.
 69327 | Abyss:1  | Paralysed by accursed screaming for 1 turns
 69343 | Abyss:1  | Reached **** piety under Kikubaaqudgha
 69689 | Abyss:1  | Reached ***** piety under Kikubaaqudgha
 70150 | Abyss:2  | Reached skill level 24 in Fighting
 70162 | Abyss:3  | Found a corrupted altar of Lugonu.
 70168 | Abyss:3  | Paralysed by accursed screaming for 1 turns
 70193 | Abyss:3  | Paralysed by accursed screaming for 2 turns
 70217 | Abyss:3  | Got an abyssal rune of Zot
 70552 | Abyss:3  | Found a corrupted altar of Lugonu.
 70660 | Abyss:3  | Found a corrupted altar of Lugonu.
 70660 | Abyss:3  | Paralysed by accursed screaming for 2 turns
 70686 | Abyss:3  | Reached ****** piety under Kikubaaqudgha
 70686 | Abyss:3  | Paralysed by accursed screaming for 2 turns
 70699 | Abyss:3  | Paralysed by accursed screaming for 2 turns
 70708 | Abyss:3  | Paralysed by accursed screaming for 2 turns
 70921 | Abyss:4  | Found a corrupted altar of Lugonu.
 71044 | Abyss:4  | Reached skill level 17 in Shields
 71118 | Abyss:5  | Entered Level 5 of the Abyss
 71118 | Abyss:5  | Found a corrupted altar of Lugonu.
 71294 | Depths:3 | Escaped the Abyss
 71370 | D:15     | Gained mutation: You possess an exceptional clarity of mind. [potion of beneficial mutation]
 71371 | D:15     | Gained mutation: You have sharp toenails. [potion of beneficial mutation]
 71585 | Crypt:1  | Entered Level 1 of the Crypt
 72142 | Crypt:1  | Mutation became permanent: You are completely covered in large bone plates. (SH +8) [demonic ancestry]
 72142 | Crypt:1  | Reached XP level 27. HP: 236/240 MP: 32/32
 72660 | Crypt:2  | Noticed a greater mummy
 72666 | Crypt:2  | Noticed Khufu
 72668 | Crypt:2  | Noticed a greater mummy
 72670 | Crypt:2  | Killed a greater mummy
 72684 | Crypt:2  | HP: 24/240 [revenant] (8)]
 72689 | Crypt:2  | Killed Khufu
 72691 | Crypt:2  | Noticed a greater mummy
 72697 | Crypt:2  | HP: 18/240 [mana viper[Khufu] (13)]
 73161 | Crypt:2  | Killed a greater mummy
 73161 | Crypt:2  | Reached skill level 25 in Fighting
 73161 | Crypt:2  | Reached skill level 18 in Shields
 73177 | Crypt:2  | Killed a greater mummy
 73359 | Crypt:2  | Was forgiven by Trog
 73572 | Crypt:3  | Entered Level 3 of the Crypt
 74168 | Crypt:3  | Noticed a greater mummy
 74181 | Crypt:3  | Killed a greater mummy
 74360 | Crypt:3  | Got a pair of faintly glowing boots
 74371 | Crypt:3  | Identified the +1 pair of boots of the Gate {rElec rC+++ Str-4 Dex+2} (You acquired it on level 3 of the Crypt)
 74604 | Crypt:3  | Identified Advanced Hermeneutics
 74642 | Crypt:3  | Got a polished flail
 74983 | Crypt:3  | Found a staircase to the Tomb.
 75167 | Crypt:3  | Got a heavy robe
 75178 | Crypt:3  | Identified the +3 robe of the Armadillo {rF+++ Int-5 Dex+6} (You found it on level 3 of the Crypt)
 75361 | Tomb:1   | Entered Level 1 of the Tomb of the Ancients
 75402 | Tomb:1   | Noticed Boris
 75413 | Tomb:1   | Killed Boris
 75846 | Tomb:1   | Reached skill level 19 in Shields
 76149 | Tomb:1   | Noticed a greater mummy
 76199 | Tomb:1   | Killed a greater mummy
 76355 | Tomb:1   | Reached skill level 26 in Fighting
 76365 | Tomb:1   | Noticed a greater mummy
 76373 | Tomb:1   | Killed a greater mummy
 76707 | Tomb:1   | Noticed a greater mummy
 76717 | Tomb:1   | Killed a greater mummy
 76869 | Tomb:1   | Noticed a greater mummy
 76976 | Tomb:1   | Killed a greater mummy
 77204 | Tomb:2   | Noticed a greater mummy
 77204 | Tomb:2   | Noticed a greater mummy
 77560 | Tomb:2   | Noticed a greater mummy
 77561 | Tomb:2   | Noticed a greater mummy
 77694 | Tomb:1   | Killed a greater mummy
 77694 | Tomb:1   | Reached skill level 20 in Shields
 77805 | Tomb:1   | Killed a greater mummy
 77840 | Tomb:1   | Killed a greater mummy
 78104 | Tomb:2   | Killed a greater mummy
 78306 | Tomb:2   | Learned a level 2 spell: Blink
 78400 | Tomb:1   | Noticed a greater mummy
 78420 | Tomb:1   | Killed a greater mummy
 78449 | Tomb:1   | Noticed a greater mummy
 78449 | Tomb:1   | Noticed a greater mummy
 78459 | Tomb:1   | Killed a greater mummy
 78467 | Tomb:1   | Killed a greater mummy
 78481 | Tomb:1   | Noticed a greater mummy
 78490 | Tomb:1   | Killed a greater mummy
 78546 | Tomb:1   | Noticed a greater mummy
 78548 | Tomb:1   | Noticed a greater mummy
 78552 | Tomb:1   | Noticed a greater mummy
 78562 | Tomb:1   | Killed a greater mummy
 78568 | Tomb:1   | Killed a greater mummy
 78572 | Tomb:1   | Noticed a greater mummy
 78575 | Tomb:1   | Killed a greater mummy
 78576 | Tomb:1   | Reached skill level 27 in Fighting
 79018 | Tomb:1   | Killed a greater mummy
 79131 | Tomb:1   | Noticed a greater mummy
 79143 | Tomb:1   | Killed a greater mummy
 79216 | Tomb:1   | Noticed a greater mummy
 79224 | Tomb:1   | Killed a greater mummy
 79224 | Tomb:1   | Reached skill level 21 in Shields
 79231 | Tomb:1   | Noticed a greater mummy
 79236 | Tomb:1   | Noticed a greater mummy
 79247 | Tomb:1   | Killed a greater mummy
 79257 | Tomb:1   | Noticed a greater mummy
 79257 | Tomb:1   | Killed a greater mummy
 79261 | Tomb:1   | Noticed a greater mummy
 79474 | Tomb:1   | Killed a greater mummy
 79502 | Tomb:1   | Killed a greater mummy
 79592 | Tomb:1   | Noticed a greater mummy
 79637 | Tomb:1   | Killed a greater mummy
 79690 | Tomb:1   | Noticed a greater mummy
 79951 | Tomb:1   | Killed a greater mummy
 80179 | Tomb:1   | Noticed a greater mummy
 80201 | Tomb:1   | Killed a greater mummy
 80220 | Tomb:1   | Noticed a greater mummy
 80237 | Tomb:1   | Killed a greater mummy
 80483 | Tomb:1   | Noticed a greater mummy
 80493 | Tomb:1   | Noticed a greater mummy
 80497 | Tomb:1   | Killed a greater mummy
 80497 | Tomb:1   | Reached skill level 22 in Shields
 80629 | Tomb:1   | Killed a greater mummy
 80716 | Tomb:1   | Noticed a greater mummy
 80732 | Tomb:1   | Killed a greater mummy
 80763 | Tomb:1   | Noticed a greater mummy
 80815 | Tomb:1   | Killed a greater mummy
 80971 | Tomb:1   | Noticed a greater mummy
 80981 | Tomb:1   | Killed a greater mummy
 81023 | Tomb:1   | Noticed a greater mummy
 81033 | Tomb:1   | Killed a greater mummy
 81407 | Tomb:1   | Got an encrusted chain mail
 81418 | Tomb:1   | Identified the +2 chain mail of Uskayaw's Castigation {Regen+ Dex-5 SInv} (You took it off a mummy priest on level 1 of the Tomb of the Ancients)
 81663 | Tomb:3   | Entered Level 3 of the Tomb of the Ancients
 81934 | Tomb:3   | Noticed a greater mummy
 81950 | Tomb:3   | Noticed a greater mummy
 82595 | Tomb:2   | Killed a greater mummy
 83089 | Tomb:3   | Reached skill level 23 in Shields
 83870 | Tomb:2   | Killed a greater mummy
 84618 | Tomb:3   | Noticed a greater mummy
 84688 | Tomb:2   | Killed a greater mummy
 84811 | Tomb:3   | Noticed a greater mummy
 84836 | Tomb:3   | Killed a greater mummy
 84870 | Tomb:3   | Noticed a greater mummy
 84898 | Tomb:3   | Killed a greater mummy
 85086 | Tomb:3   | Noticed a greater mummy
 85112 | Tomb:3   | Killed a greater mummy
 85186 | Tomb:3   | Noticed a greater mummy
 85201 | Tomb:3   | Killed a greater mummy
 85227 | Tomb:3   | Noticed a greater mummy
 85423 | Tomb:2   | Killed a greater mummy
 85423 | Tomb:2   | Reached skill level 24 in Shields
 85452 | Tomb:3   | Noticed a greater mummy
 85466 | Tomb:3   | Killed a greater mummy
 85677 | Tomb:3   | Got a faintly glowing plate armour
 85688 | Tomb:3   | Identified the cursed +1 plate armour of Zoupt {rPois} (You found it on level 3 of the Tomb of the Ancients)
 85822 | Tomb:3   | Got a golden rune of Zot
 85906 | Tomb:3   | Got a clouded amethyst amulet
 85908 | Tomb:3   | Identified the amulet "Huliezo" {Harm *Drain +Fly rPois Str+4} (You found it on level 3 of the Tomb of the Ancients)
 85910 | Tomb:3   | Identified the +6 scale mail "Kassufri" {MR+ Int+3 Dex+3} (You found it on level 3 of the Tomb of the Ancients)
 85912 | Tomb:3   | Identified the cursed +0 pair of boots of Resilience {Int+4} (You found it on level 3 of the Tomb of the Ancients)
 85914 | Tomb:3   | Identified the cursed +1 leather armour of Lies {Str-2 Int+9 Stlth+} (You found it on level 3 of the Tomb of the Ancients)
 85921 | Tomb:3   | Got a scintillating brass ring
 85922 | Tomb:3   | Identified the ring of Leaves {*Corrode rPois rF+ rN+ SInv} (You found it on level 3 of the Tomb of the Ancients)
 85993 | Tomb:3   | Identified the +4 quick blade of Untruth {elec, *Drain +Inv Int+3 Dex+3} (You found it on level 3 of the Tomb of the Ancients)
 86060 | Tomb:3   | Identified the ring "Raapij" {Str+2 Dex+5} (You found it on level 3 of the Tomb of the Ancients)
 86721 | Vaults:5 | Got a faintly glowing ring mail
 86722 | Vaults:5 | Identified the +1 ring mail of the Fiddle {*Slow Str+8 Slay-4} (You took it off a deep elf high priest on level 5 of the Vaults)
 87392 | Tomb:3   | Got a pitted hunting sling
 87393 | Tomb:3   | Identified the +4 hunting sling of Dishonesty {flame, MR+ Stlth+} (You found it on level 3 of the Tomb of the Ancients)
 87398 | Tomb:3   | Identified the +7 battleaxe of Evisceration {holy, Dex+3} (You found it on level 3 of the Tomb of the Ancients)
 88156 | D:8      | Bought a warped chain mail for 275 gold pieces
 88156 | D:8      | Identified the +4 chain mail of Benevolence {rC+ rCorr Int+4 Dex-4} (You bought it in a shop on level 8 of the Dungeon)
 88478 | Zot:1    | Entered Level 1 of the Realm of Zot
 88588 | Zot:1    | Reached skill level 25 in Shields
 88631 | Zot:1    | Reached skill level 1 in Spellcasting
 88659 | Zot:1    | Reached skill level 2 in Spellcasting
 88966 | Zot:1    | Reached skill level 3 in Spellcasting
 89042 | Zot:1    | Reached skill level 4 in Spellcasting
 89246 | Zot:1    | Reached skill level 5 in Spellcasting
 89629 | Zot:2    | Reached skill level 6 in Spellcasting
 89780 | Zot:2    | Reached skill level 7 in Spellcasting
 89879 | Zot:2    | Reached skill level 26 in Shields
 90262 | Zot:2    | Reached skill level 8 in Spellcasting
 90437 | Zot:3    | Reached skill level 9 in Spellcasting
 90828 | Zot:3    | Reached skill level 10 in Spellcasting
 91004 | Zot:3    | Reached skill level 17 in Maces & Flails
 91534 | Zot:4    | Reached skill level 11 in Spellcasting
 91577 | Zot:4    | Found Bomuk's Changing Room.
 91944 | Zot:4    | Reached skill level 12 in Spellcasting
 91990 | Zot:4    | Reached skill level 18 in Maces & Flails
 92299 | Zot:5    | Entered Level 5 of the Realm of Zot
 92851 | Hell     | Entered the Vestibule of Hell
 92851 | Hell     | Noticed Geryon
 92873 | Hell     | Killed Geryon
 93004 | Hell     | Found a gateway to the Iron City of Dis.
 93009 | Hell     | Reached skill level 13 in Spellcasting
 93082 | Hell     | Found a gateway to the ashen valley of Gehenna.
 93187 | Hell     | Found a gateway to the decaying netherworld of Tartarus.
 93400 | Hell     | Found a gateway to the freezing wastes of Cocytus.
 93716 | Coc:1    | Entered Level 1 of Cocytus
 93978 | Coc:2    | Reached skill level 19 in Maces & Flails
 94047 | Coc:2    | Reached skill level 14 in Spellcasting
 94616 | Coc:7    | Entered Level 7 of Cocytus
 94713 | Coc:7    | Reached skill level 15 in Spellcasting
 95045 | Coc:7    | Reached skill level 20 in Maces & Flails
 95422 | Coc:7    | Reached skill level 16 in Spellcasting
 95650 | Coc:7    | Noticed Antaeus
 95690 | Coc:7    | Killed Antaeus
 95777 | Coc:7    | Got an icy rune of Zot
 96033 | Geh:1    | Entered Level 1 of Gehenna
 96085 | Geh:1    | Reached skill level 17 in Spellcasting
 96127 | Geh:1    | Reached skill level 21 in Maces & Flails
 96717 | Geh:4    | Gained mutation: Potions and wands are less effective at restoring your health. [mutagenic glow]
 96780 | Geh:4    | Reached skill level 16 in Armour
 96859 | Geh:4    | Gained mutation: Armour fits poorly on your strangely shaped body. [mutagenic glow]
 97557 | Geh:3    | Reached skill level 17 in Armour
 98220 | Geh:6    | Gained mutation: You are frail. (-10% HP) [mutagenic glow]
 98244 | Geh:7    | Entered Level 7 of Gehenna
 98262 | Geh:7    | Gained mutation: You occasionally shout uncontrollably at your foes. [mutagenic glow]
 98285 | Geh:7    | Gained mutation: You are weak. (Str -2) [mutagenic glow]
 98294 | Geh:7    | Reached skill level 18 in Armour
 98567 | Geh:7    | Noticed the Serpent of Hell
 98581 | Geh:7    | Killed the Serpent of Hell
 98678 | Geh:7    | Reached skill level 19 in Armour
 98776 | Geh:7    | Identified a +5 rod of shadows (14/14) (You found it on level 7 of Gehenna)
 98818 | Geh:7    | Got a transparent glaive
 98950 | Geh:7    | Noticed Asmodeus
 98975 | Geh:7    | Killed Asmodeus
 99014 | Geh:7    | Got an obsidian rune of Zot
 99693 | Tar:1    | Entered Level 1 of Tartarus
 99790 | Tar:1    | Reached skill level 20 in Armour
 99989 | Tar:2    | You fall through a shaft!
100454 | Tar:3    | Reached skill level 21 in Armour
100565 | Tar:3    | You fall through a shaft for 2 floors!
100609 | Tar:5    | You fall through a shaft!
100683 | Tar:7    | Entered Level 7 of Tartarus
100731 | Tar:7    | Reached skill level 15 in Dodging
100747 | Tar:7    | Noticed an ancient lich
100766 | Tar:7    | Killed an ancient lich
100829 | Tar:7    | Noticed Ereshkigal
100880 | Tar:7    | HP: 21/224 [Tzitzimitl (5)]
100885 | Tar:7    | HP: 17/224 [blizzard demon[Ereshkigal] (9)]
100885 | Tar:7    | HP: 5/223 [Tzitzimitl (5)]
100885 | Tar:7    | Mangled by a Tzitzimitl

Vault maps used:
D:1:      shiori_arrival_oz, minmay_vboxes
D:2:      chequers_temple_overflow_minitemple, overflow_temple_1_default,
          minmay_pentomino_x2
D:3:      lemuel_coloured_pillars_altar
D:4:      nicolae_dithmenos_shadow_blocks, serial_shops, shop
D:5:      first_bread, minmay_misc_feat_x
D:6:      lemuel_doored_altar, serial_shops, shop
D:7:      grunt_temple_overflow_open, enter_ossuary_4
D:8:      due_lair_maze_entry_diamond, serial_shops, nicolae_shop_stone
D:9:      grunt_gozag_statues
D:10:     orc_0_dummy, blue_anna_alchemist, hangedman_incinerator, uniq_erica
D:11:     nicolae_water_bricks
D:12:     serial_shops, shop
D:13:     serial_column_ruins, column_ruins_square_large,
          column_ruins_columns_straight, column_ruins_corridor_straight,
          column_ruins_grid_1, serial_park_tiny_1, minivault_5, uniq_maurice,
          uniq_frances
D:14:     lemuel_traditional_vault, grunt_vaults_entry_tiered,
          okawaru_ov_weapons_minmay, lab_entry_generic, uniq_nessos
D:15:     gammafunk_depths_entry_grave, grunt_decor_cap, uniq_agnes, uniq_sonja
Temple:   jpeg_temple_island
Lair:1:   serial_bayou_lake_a
Lair:2:   st_stairs_10, infiniplex_staircase_pool
Lair:3:   dummy_spider_entry, grunt_megastairs_3, serial_bayou_shore_b
Lair:4:   minmay_swamp_entry_worms, serial_bayou_pond_b, bh_autumn_forest_stairs
Lair:5:   slime_altar_1
Lair:6:   minmay_lair_end_enchanted_forest
Swamp:1:  serial_swamp_ruin, evilmike_swamp_ruin_house_6,
          evilmike_swamp_ruin_wall, swamp_pool1, nicolae_swamp_alligator_family
Swamp:2:  evilmike_swamp_ruin_rubble_2, uniq_donald
Swamp:3:  evilmike_swamp_ruin_house_2
Swamp:4:  swamp_alternative, uniq_louise
Spider:1: hangedman_spider_mandibles, minmay_another_anthill
Spider:2: uniq_nikola
Spider:4: spider_rune_water
Slime:1:  cheibrodos_slime_lost_civilization_5
Slime:4:  cheibrodos_slime_lost_civilization_1
Orc:1:    serial_shops, shop
Orc:2:    st_orc_ogre_mass
Elf:1:    minmay_elf_arrival_circle, hangedman_elf_represent,
          nicolae_alphabet_shops, lemuel_flame_loot_1
Elf:2:    uniq_roxanne
Elf:3:    minmay_elf_hall, nicolae_elf_big_sculpture_2
Vaults:1: nicolae_vaults_network_s, grunt_vaults_twisty, v_misc_3,
          nicolae_vaults_alarming, v_alt_pattern_1,
          nicolae_vaults_border_crossing, vaults_mumra_hexcomb
Vaults:2: nicolae_vaults_bisected_slash, vaults_room_glass_cross, v_pattern_1,
          ontoclasm_vaults_tryst, v_rooms_5, hangedman_vaults_hat,
          ontoclasm_vaults_twist, nicolae_vaults_little_squares_1, v_misc_19,
          nicolae_vaults_shelves_hall, mu_enter_wizlab_4, uniq_bai_suzhen,
          uniq_asterion, uniq_boris
Vaults:3: minmay_crypt_entry_simple_box, vaults_mumra_hex, v_pattern_2,
          vaults_dpeg_encased_lava, ontoclasm_vaults_shuriken,
          vaults_room_corners, nicolae_vaults_hallways_thing,
          nicolae_vaults_stairing_the_circle, dpeg_vaults_monster_row, v_misc_9,
          vaults_room_guarded_vault
Vaults:4: v_rooms_5, grunt_vaults_bifocal, hangedman_vaults_locks,
          v_alt_pattern_3, vaults_mumra_minichess_inversion, vaults_dpeg_doors,
          nicolae_vaults_ninety_degrees, ontoclasm_vaults_gateway,
          hangedman_vaults_trim, vaults_room_fours,
          vaults_room_hangedman_quadrants, ontoclasm_vaults_hangar,
          ontoclasm_vaults_idyll, ontoclasm_vaults_ligature, v_misc_17
Crypt:1:  corexii_hall_statues_i, st_stairs_5, skrybe_necro_troll_1
Crypt:2:  grunt_ministairs_14, grunt_megastairs_2, uniq_khufu
Crypt:3:  due_elkab, tomb_entry_shell_bobbens, small_chamber_with_monster
Tomb:1:   uniq_boris
Depths:1: serial_shops, shop, lightli_too_deep, serial_bayou_ford_a,
          sword_in_stone, grunt_megastairs_1, serial_bayou_shore_b
Depths:2: hangedman_crystal_crosses_colossus, serial_shops, hell_entry,
          pan_entry, uniq_jorgrun
Depths:3: grunt_deathspiral_small, hangedman_coc_ice_floe, kennysheep_path_1,
          abyss_entry, serial_glass, glass_columns_c, glass_columns_b,
          minmay_strange_pillars, grunt_pan_entry_sceptre,
          infiniplex_staircase_split_hallway
Depths:4: onia_ninara_swampy_vault, enter_ziggurat_b, abyss_entry,
          pf_hell_entry_tar_spiral, minivault_14, serial_shops, shop, uniq_mara
Depths:5: grunt_twist_and_shout, hell_entry, wad_floor_pattern_2, serial_shops,
          shop, minmay_misc_feat_chi
Geh:2:    hangedman_elemental_grid_stream
Geh:3:    gehenna_fire_generator
Geh:5:    hangedman_elemental_grid_stream
Geh:7:    geh_old
Coc:7:    coc_mu
Tar:2:    nicolae_tar_cuneiform_water
Tar:7:    tar_old
Zot:1:    grunt_zot_stairs_overgrown
Zot:2:    nicolae_zot_crop_circle
Zot:4:    nicolae_transmutations_shop
Abyss:2:  evilmike_abyss_exit_chaos
Abyss:3:  nicolae_abyss_rune_star_stuff
Abyss:4:  evilmike_abyss_exit_vortex, nicolae_abyss_rune_left_handed,
          evilmike_abyss_exit_6, guppyfry_abyss_exit_glass_guarded,
          evilmike_abyss_exit_10
Abyss:5:  hangedman_abyss_exit_choices, serial_sigils_hangedman_snap,
          hangedman_classic_abyss_death, hangedman_abyss_monster_moat,
          evilmike_abyss_rune_elephants_shrine, evilmike_abyss_exit_2,
          due_exit_kobolds, evilmike_abyss_exit_15
Lab:      nicolae_lab_dead_adventurers, labyrinth_skeletal_remains,
          nicolae_lab_stuck
Ossuary:  ossuary_tomb_3

Skill      XL: |  1  2  3  4  5  6  7  8  9 10 11 12 13 14 15 16 17 18 19 20 21 22 23 24 25 26 27 |
---------------+----------------------------------------------------------------------------------+-----
Staves         | 3 4 5 7 8 10 | 10.0
Maces & Flails | 2 4 6 8 9 11 12 14 16 21 | 21.0
Shields        | 1 2 3 5 7 9 10 11 13 15 16 17 26 | 26.1
Dodging        | 4 6 7 9 10 12 13 14 15 | 15.4
Fighting       | 4 6 8 9 10 12 14 15 16 17 19 20 21 23 24 27 | 27.0
Evocations     | 6 7 10 11 12 | 12.4
Armour         | 6 11 13 14 15 21 | 21.2
Crossbows      | 4 10 11 | 11.8
Axes           | 2 9 |  9.2
Necromancy     | 9 12 | 12.7
Spellcasting   | 17 | 17.1
Throwing       | |  1.7

Action                   |  1- 3 |  4- 6 |  7- 9 | 10-12 | 13-15 | 16-18 | 19-21 | 22-24 | 25-27 || total
-------------------------+-------+-------+-------+-------+-------+-------+-------+-------+-------++-------
Melee: Quarterstaff      |   105 |   100 |       |       |       |       |       |       |       ||   205
       Mace              |       |    27 |       |       |       |       |    11 |       |       ||    38
       Morningstar       |       |    51 |   410 |   702 |  1299 |  1529 |  1446 |  1666 |  6505 || 13608
       Kick              |       |       |    75 |   268 |   567 |   792 |   903 |   326 |       ||  2931
       Bite              |       |       |       |       |   131 |   304 |   348 |   396 |  1685 ||  2864
       Eveningstar       |       |       |       |       |    30 |     8 |     7 |    19 |   462 ||   526
       Headbutt          |       |       |       |       |       |       |   364 |       |       ||   364
       Broad axe         |       |       |       |       |       |       |       |     4 |       ||     4
 Fire: Hand crossbow     |       |       |       |       |       |       |    53 |   179 |   523 ||   755
Throw: Throwing net      |       |       |       |     2 |       |     1 |       |       |       ||     3
       Javelin           |       |       |       |     1 |       |       |       |       |       ||     1
Invok: Burn Spellbooks   |       |       |     1 |     2 |     1 |     1 |       |     6 |       ||    11
       Berserk           |       |       |     1 |     8 |    16 |    10 |    11 |    10 |     2 ||    58
       Brothers in Arms  |       |       |       |       |     2 |     5 |     2 |     9 |       ||    18
       Trog's Hand       |       |       |       |       |       |     1 |     2 |     2 |       ||     5
 Abil: Evoke Invisibilit |       |       |       |       |       |       |       |     1 |     1 ||     2
       Blink             |       |       |       |       |       |       |       |       |     4 ||     4
       Evoke Berserk Rag |       |       |       |       |       |       |       |       |     7 ||     7
       Evoke Fog         |       |       |       |       |       |       |       |       |     5 ||     5
Evoke: Wand              |       |       |       |       |     2 |    20 |     5 |     7 |    16 ||    50
       Box of beasts     |       |       |       |       |       |     1 |     1 |       |       ||     2
       Disc of storms    |       |       |       |       |       |       |     1 |       |       ||     1
       Sceptre of Asmode |       |       |       |       |       |       |       |       |     5 ||     5
       Rod               |       |       |       |       |       |       |       |       |     2 ||     2
  Use: Scroll            |       |     8 |     7 |     4 |    30 |    13 |    13 |    18 |    45 ||   138
       Potion            |       |       |     1 |       |       |     7 |     8 |     5 |    45 ||    66
 Stab: Distracted        |       |       |       |       |     2 |       |     1 |     4 |       ||     7
       Confused          |       |       |       |       |       |     2 |       |       |       ||     2
       Invisible         |       |       |       |       |       |       |       |     3 |     9 ||    12
       Petrified         |       |       |       |       |       |       |       |       |     2 ||     2
  Eat: Chunk             |     1 |     6 |    15 |    28 |    60 |    61 |    77 |    77 |    40 ||   365
       Bread ration      |       |       |     1 |       |     1 |     1 |       |     1 |     9 ||    13
       Meat ration       |       |       |     1 |       |       |       |     1 |     1 |     7 ||    10
       Pizza             |       |       |       |       |     1 |       |     1 |     1 |     2 ||     5
       Royal jelly       |       |       |       |       |       |     1 |     1 |     1 |     1 ||     4
       Fruit             |       |       |       |       |       |     2 |       |     2 |    31 ||    35
       Beef jerky        |       |       |       |       |       |     1 |       |     4 |     6 ||    11
Armor: Leather armour    |    23 |       |       |       |       |       |       |       |       ||    23
       Ring mail         |    13 |    56 |    58 |    84 |   127 |       |       |       |       ||   338
       Plate armour      |       |       |       |       |    38 |   502 |   229 |   302 |  1399 ||  2470
       Skin              |       |       |       |       |       |       |       |       |    13 ||    13
Dodge: Dodged            |    77 |    91 |   118 |   267 |   486 |   643 |   305 |   432 |  1914 ||  4333
Block: Other             |     8 |    20 |       |       |     7 |     9 |       |       |       ||    44
       Buckler           |       |    29 |   126 |   219 |   506 |   152 |    38 |       |       ||  1070
       Shield            |       |       |       |       |       |   921 |   891 |  1626 |  7235 || 10673
       Reflection        |       |       |       |       |       |       |       |    57 |    17 ||    74
